 Dungeon Crawl Stone Soup version 0.27-a0-1555-g0e7b3fb1d2 (webtiles) character file.

Game seed: 2876430152431133394

1525476 Papr the Conqueror (level 27, -13/354 HPs)
             Began as a Demigod Conjurer on July 12, 2021.
             Mangled by Qij Oqa the pandemonium lord (25 damage)
             ... on level 21 of a ziggurat on July 15, 2021.
             The game lasted 12:12:43 (138330 turns).

Papr the Conqueror (Demigod Conjurer)             Turns: 138330, Time: 12:12:44

Health: -13/354    AC: 40    Str:  8    XL:     27
Magic:  18/61      EV: 13    Int: 69    God:
Gold:   12613      SH: 14    Dex: 12    Spells: 4/80 levels left

rFire    + + +     SeeInvis .   r - +9 staff of Wucad Mu {*channel}
rCold    + + +     Faith    .   X - +2 shield of Resistance {rF++ rC++ Will++}
rNeg     + + +     Spirit   .   (armour currently unavailable)
rPois    ∞         Reflect  .   x - +2 helmet {Int+3}
rElec    +         Harm     .   f - +1 cloak "Bocal" {rF+ rC+ rN+ Will-}
rCorr    +         Rampage  .   (gloves currently unavailable)
Will     +++..     Clarity  +   (boots currently unavailable)
Stlth    +++.......             S - amulet of Tuhaut {RegenMP rF+ Regen+}
HPRegen  1.69/turn              H - ring of Goquziv {rPois rC+ Int+6 Slay+3}
MPRegen  0.62/turn              y - ring of Xom's Entertainment {rF- rN+ rCorr Int+4 Stlth+}

@: mighty, statue-form, studying 4 skills, silenced, very slow
A: slow and powerful, torment resistance 1, boosted hp, high mp 1, forlorn,
clarity, screaming 1, no potion heal 1
}: 15/15 runes: decaying, serpentine, slimy, silver, golden, iron, obsidian,
icy, bone, abyssal, demonic, glowing, magical, fiery, dark
a: End Transformation


You were on level 21 of a ziggurat.
You were a living statue of rough stone.
You visited 17 branches of the dungeon, and saw 85 of its levels.
You visited Pandemonium 3 times, and saw 16 of its levels.
You visited the Abyss 8 times.
You visited 1 bazaar.
You visited 1 ziggurat, and saw 21 of its levels.
You also visited: Trove, Sewer, Gauntlet and Ice Cave.

You collected 21227 gold pieces.
You spent 8614 gold pieces at shops.

Inventory:

Hand Weapons
 d - the +8 flail "Waozaec" {vamp, Str+4 Int+5 Dex-3}
   (You bought it in a shop on level 1 of the Vaults)

   It occasionally heals its wielder for a portion of the damage dealt when it
   wounds a living foe.
   Str:       It affects your strength (+4).
   Int:       It affects your intelligence (+5).
   Dex:       It affects your dexterity (-3).
 r - the +9 staff of Wucad Mu (weapon) {*channel}
   (You acquired it on level 7 of Gehenna)

   It occasionally powers its wielder's spells, but with a chance of causing
   confusion or draining the wielder's intelligence.
   It becomes more likely to activate and less likely to backfire with increased
   Evocations skill.
 O - the +8 mace "Zatamoq" {freeze, Str+3 SInv}
   (You found it on level 5 of the Pits of Slime)

   It freezes those it strikes, dealing additional cold damage.
   It can also slow down cold-blooded creatures.
   Str:       It affects your strength (+3).
   SInv:      It lets you see invisible.
Missiles
 s - 45 boomerangs
 E - 13 curare-tipped darts
 F - 4 silver javelins (quivered)
Armour
 f - the +1 cloak "Bocal" (worn) {rF+ rC+ rN+ Will-}
   (You found it on level 1 of the Elven Halls)

   rF:        It protects you from fire.
   rC:        It protects you from cold.
   rN:        It protects you from negative energy.
   Will:      It decreases your willpower.
 q - a +2 robe of willpower (melded)
 t - a +2 pair of boots of flying (melded)
 u - a +2 pair of gloves of archery
 x - a +2 helmet of intelligence (worn)
 G - the +2 robe of Vines {NoPotionHeal Regen+++}
   (You found it on level 11 of a ziggurat)

   Its wearer cannot be healed by potions.
   Regen:     It increases your rate of health regeneration.
 K - the +0 pair of gloves of the Pits of Slime (melded) {Int+4}
   (You found it on level 17 of a ziggurat)

   Int:       It affects your intelligence (+4).
 X - the +2 shield of Resistance (worn) {rF++ rC++ Will++}
   (You acquired it on level 1 of the Lair of Beasts)

   rF:        It greatly protects you from fire.
   rC:        It greatly protects you from cold.
   Will:      It greatly increases your willpower.
Jewellery
 k - the amulet "Jolonym" {RegenMP Fly rF++ Str-2}
   (You found it in a Gauntlet)

   [amulet of magic regeneration]

   It increases your rate of magic regeneration.
   Str:       It affects your strength (-2).
   rF:        It greatly protects you from fire.
   Fly:       It grants you flight.
 l - the ring "Piluece" {Will- rCorr AC+4 Str-3 Int+8}
   (You found it on level 9 of a ziggurat)

   [ring of protection]

   AC:        It affects your AC (+4).
   Str:       It affects your strength (-3).
   Int:       It affects your intelligence (+8).
   rCorr:     It protects you from acid and corrosion.
   Will:      It decreases your willpower.
 y - the ring of Xom's Entertainment (right fist) {rF- rN+ rCorr Int+4 Stlth+}
   (You found it on level 3 of the Crypt)

   [ring of positive energy]

   Int:       It affects your intelligence (+4).
   rF:        It makes you vulnerable to fire.
   rN:        It protects you from negative energy.
   rCorr:     It protects you from acid and corrosion.
   Stlth:     It makes you more stealthy.
 C - the ring of the Hare {EV+8}
   (You found it on level 14 of a ziggurat)

   [ring of evasion]

   EV:        It affects your evasion (+8).
 H - the ring of Goquziv (left fist) {rPois rC+ Int+6 Slay+3}
   (You bought it in a shop on level 1 of the Elven Halls)

   [ring of intelligence]

   Int:       It affects your intelligence (+6).
   Slay:      It affects your accuracy & damage with ranged weapons and melee
   (+3).
   rC:        It protects you from cold.
   rPois:     It protects you from poison.
 L - the ring of Rivisism {rF+ Int+6 SInv}
   (You took it off a balrug in Pandemonium)

   [ring of intelligence]

   Int:       It affects your intelligence (+6).
   rF:        It protects you from fire.
   SInv:      It lets you see invisible.
 Q - the ring "Qolotaela" {Wiz rF+ rCorr Str+2}
   (You found it on level 19 of a ziggurat)

   [ring of wizardry]

   It improves your spell success rate.
   Str:       It affects your strength (+2).
   rF:        It protects you from fire.
   rCorr:     It protects you from acid and corrosion.
 S - the amulet of Tuhaut (around neck) {RegenMP rF+ Regen+}
   (You found it on level 13 of a ziggurat)

   [amulet of magic regeneration]

   It increases your rate of magic regeneration.
   rF:        It protects you from fire.
   Regen:     It increases your rate of health regeneration.
 U - the necklace of Bloodlust {*Rage +Rage Will++ Int-3 Slay+6}
   (You found it on level 8 of a ziggurat)

   [amulet of nothing]

   It extends the wearer's berserk rage when killing foes.
   Int:       It affects your intelligence (-3).
   Slay:      It affects your accuracy & damage with ranged weapons and melee
   (+6).
   +Rage:     It lets you go berserk.
   *Rage:     It may make you go berserk in combat.
   Will:      It greatly increases your willpower.
 Y - the ring "Piwnegy" {rN++ Will+ Str+4}
   (You took it off an angel in Pandemonium)

   [ring of willpower]

   Str:       It affects your strength (+4).
   rN:        It greatly protects you from negative energy.
   Will:      It increases your willpower.
Wands
 I - a wand of digging (31)
 N - a wand of iceblast (95)
 R - a wand of charming (65)
 V - a wand of acid (16)
Scrolls
 a - 5 scrolls of fear
 e - 16 scrolls of amnesia
 g - 7 scrolls of magic mapping
 h - 6 scrolls of enchant armour
 i - 19 scrolls of fog
 w - 12 scrolls of holy word
 z - 7 scrolls of immolation
 T - 24 scrolls of teleportation
Potions
 b - 3 potions of resistance
 c - 35 potions of curing
 j - 12 potions of brilliance
 n - 11 potions of mutation
 p - 11 potions of cancellation
 D - 4 potions of ambrosia
 J - 15 potions of might
 P - 6 potions of lignification
 Z - 15 potions of haste
Miscellaneous
 o - a lightning rod (4/4)
 A - a box of beasts (inert)
 W - a figurine of a ziggurat


   Skills:
 O Level 27 Fighting
 O Level 27 Throwing
 - Level 1.0 Armour
 - Level 3.4 Dodging
 - Level 2.0 Stealth
 - Level 15.0 Shields
 O Level 27 Spellcasting
 + Level 23.5 Conjurations
 - Level 4.0 Hexes
 - Level 8.0 Summonings
 - Level 7.0 Necromancy
 - Level 10.5 Translocations
 - Level 15.2 Transmutations
 - Level 13.7 Fire Magic
 - Level 16.0 Ice Magic
 + Level 22.7 Air Magic
 - Level 6.2 Earth Magic
 O Level 27 Evocations


You had 4 spell levels left.
You knew the following spells:

 Your Spells              Type           Power      Damage    Failure   Level
a - Irradiate             Conj/Tmut      75%        3d38      0%          5
b - Maxwell's Capacitive  Air            79%        ∞         1%          8
c - Necromutation         Tmut/Necr      64%        N/A       2%          8
d - Death Channel         Necr           56%        N/A       1%          6
e - Statue Form           Tmut/Erth      84%        N/A       1%          6
f - Orb of Destruction    Conj           80%        9d20      0%          7
h - Chain Lightning       Conj/Air       80%        3d106     1%          9
i - Spellforged Servitor  Conj/Summ      71%        N/A       1%          7
j - Polar Vortex          Ice            71%        N/A       6%          9
k - Fire Storm            Conj/Fire      75%        8d19      1%          9
y - Passwall              Tmut/Erth      100%       N/A       0%          2

Your spell library contained the following spells:

 Spells                   Type           Power      Damage    Failure   Level
 Animate Skeleton         Necr           100%       N/A       0%          1
 Apportation              Tloc           100%       N/A       0%          1
 Beastly Appendage        Tmut           100%       N/A       0%          1
 Corona                   Hex            100%       N/A       0%          1
 Foxfire                  Conj/Fire      100%       2x1d9     0%          1
 Freeze                   Ice            100%       1d11      0%          1
 Magic Dart               Conj           100%       1d8       0%          1
 Pain                     Necr           100%       1d9       0%          1
 Sandblast                Erth           100%       2d20      0%          1
 Shock                    Conj/Air       100%       1d9       0%          1
 Sting                    Tmut/Pois      100%       1d8       0%          1
 Summon Small Mammal      Summ           100%       N/A       0%          1
 Blink                    Tloc           N/A        N/A       0%          2
 Call Imp                 Summ           100%       N/A       0%          2
 Corpse Rot               Necr/Air       N/A        N/A       0%          2
 Ensorcelled Hibernation  Hex/Ice        100%       N/A       0%          2
 Poisonous Vapours        Pois/Air       100%       N/A       0%          2
 Searing Ray              Conj           100%       3d7       0%          2
 Slow                     Hex            99%        N/A       0%          2
 Static Discharge         Conj/Air       100%       N/A       0%          2
 Sublimation of Blood     Necr           56%        N/A       0%          2
 Wereblood                Tmut           100%       N/A       0%          2
 Call Canine Familiar     Summ           100%       N/A       0%          3
 Conjure Flame            Conj/Fire      100%       6-21      0%          3
 Dazzling Flash           Conj/Hex       100%       N/A       0%          3
 Frozen Ramparts          Ice            100%       1d12      0%          3
 Gell's Gravitas          Tloc           63%        N/A       0%          3
 Ignite Poison            Fire/Tmut/Pois 100%       N/A       0%          3
 Inner Flame              Hex/Fire       100%       N/A       0%          3
 Lesser Beckoning         Tloc           63%        N/A       0%          3
 Mephitic Cloud           Conj/Pois/Air  100%       N/A       0%          3
 Ozocubu's Armour         Ice            100%       N/A       0%          3
 Portal Projectile        Hex/Tloc       100%       N/A       0%          3
 Spider Form              Tmut/Pois      57%        N/A       0%          3
 Stone Arrow              Conj/Erth      100%       3d13      0%          3
 Summon Guardian Golem    Hex/Summ       100%       N/A       0%          3
 Swiftness                Air            100%       N/A       0%          3
 Teleport Other           Tloc           100%       N/A       0%          3
 Vampiric Draining        Necr           56%        2d14      0%          3
 Airstrike                Air            79%        N/A       0%          4
 Fulminant Prism          Conj/Hex       68%        3d28      0%          4
 Hailstorm                Conj/Ice       100%       3d20      0%          4
 Ice Form                 Ice/Tmut       100%       N/A       0%          4
 Iskenderun's Mystic Bla  Conj/Tloc      100%       2d19      0%          4
 Passage of Golubria      Tloc           N/A        N/A       0%          4
 Petrify                  Tmut/Erth      100%       N/A       0%          4
 Sticky Flame             Conj/Fire      100%       2d11      0%          4
 Summon Ice Beast         Ice/Summ       100%       N/A       0%          4
 Summon Lightning Spire   Summ/Air       100%       N/A       0%          4
 Confusing Touch          Hex            99%        N/A       1%          3
 Tukima's Dance           Hex            99%        N/A       1%          3
 Animate Armour           Summ/Erth      100%       N/A       1%          4
 Animate Dead             Necr           56%        N/A       1%          4
 Cause Fear               Hex            49%        N/A       1%          4
 Dispel Undead            Necr           100%       3d31      1%          4
 Leda's Liquefaction      Hex/Erth       52%        N/A       1%          4
 Olgreb's Toxic Radiance  Pois           75%        N/A       1%          4
 Blade Hands              Tmut           70%        N/A       0%          5
 Bolt of Magma            Conj/Fire/Erth 69%        4d27      0%          5
 Fireball                 Conj/Fire      75%        3d28      0%          5
 Freezing Cloud           Conj/Ice/Air   77%        6-21      0%          5
 Iskenderun's Battlesphe  Conj           100%       2d15      0%          5
 Lightning Bolt           Conj/Air       80%        1d107     0%          5
 Manifold Assault         Tloc           100%       N/A       0%          5
 Conjure Ball Lightning   Conj/Air       80%        3x3d30    0%          6
 Iron Shot                Conj/Erth      70%        9d13      0%          6
 Starburst                Conj/Fire      75%        8x6d19    0%          6
 Storm Form               Tmut/Air       75%        N/A       0%          7
 Agony                    Necr           100%       N/A       1%          5
 Alistair's Intoxication  Tmut/Pois      76%        N/A       1%          5
 Borgnjor's Vile Clutch   Necr/Erth      55%        N/A       1%          5
 Excruciating Wounds      Necr           56%        N/A       1%          5
 Lee's Rapid Deconstruct  Erth           55%        3d27*     1%          5
 Metabolic Englaciation   Hex/Ice        62%        N/A       1%          5
 Summon Forest            Summ/Tloc      61%        N/A       1%          5
 Summon Mana Viper        Hex/Summ       100%       N/A       1%          5
 Yara's Violent Unravell  Hex/Tmut       61%        3d23      1%          5
 Dispersal                Tloc           63%        N/A       1%          6
 Eringya's Noxious Bog    Tmut/Pois      57%        N/A       1%          6
 Invisibility             Hex            49%        N/A       1%          6
 Shadow Creatures         Summ           N/A        N/A       1%          6
 Simulacrum               Ice/Necr       64%        N/A       1%          6
 Dragon Form              Tmut           70%        N/A       1%          7
 Haunt                    Necr/Summ      57%        N/A       1%          7
 Malign Gateway           Summ/Tloc      61%        N/A       1%          7
 Ozocubu's Refrigeration  Ice            71%        4d19      1%          7
 Summon Hydra             Summ           58%        N/A       1%          7
 Ignition                 Fire           68%        3d18      1%          8
 Lehudib's Crystal Spear  Conj/Erth      70%        10d16     1%          8
 Disjunction              Tloc           63%        N/A       3%          8
 Summon Horrible Things   Summ           58%        N/A       11%         8
 Borgnjor's Revivificati  Necr           56%        N/A       16%         8
 Infestation              Necr           56%        N/A       16%         8
 Discord                  Hex            49%        N/A       47%         8
 Death's Door             Necr           56%        N/A       94%         9
 Shatter                  Erth           55%        3d41*     97%         9


Dungeon Overview and Level Annotations

Branches:
Dungeon (15/15)            Temple (1/1) D:7            Lair (6/6) D:11
  Swamp (4/4) Lair:3        Snake (4/4) Lair:4        Slime (5/5) Lair:6
    Orc (2/2) D:12            Elf (3/3) Orc:2        Vaults (5/5) D:14
  Crypt (3/3) Vaults:3       Tomb (3/3) Crypt:3      Depths (5/5) D:15
   Hell (visited)             Dis (7/7) Hell            Geh (7/7) Hell
    Coc (7/7) Hell            Tar (7/7) Hell            Zot (0/5) Depths:5
  Sewer (visited)           IceCv (visited)         Gauntlet (visited)

Shops:
D:6 (   D:10 !:*[**   Orc:2 =([?   Elf:1 *:=:   Elf:2 =[(   Snake:3 ([
Vaults:1 [(*=!   Vaults:2 [   Vaults:3 =   Vaults:4 [:   Vaults:5 ?
Depths:2 [

Portals:
Hell: Depths:1 Depths:2 Depths:3 Depths:4 Depths:5
Abyss: Orc:1 Depths:3 Depths:4
Pandemonium: Depths:3

Annotations:
D:4 1 runed translucent door, Crazy Yiuf
Swamp:4 1 runed translucent door, Kular's ghost, adept MiBe
Elf:1 1 runed translucent door


Innate Abilities, Weirdness & Mutations

You are a living statue of rough stone.
Your actions are slow, but your melee attacks are powerful.
You are resistant to unholy torment.
Your maximum health is greatly increased.
You are immune to poison.
Your equipment is partially melded.
Your attributes grow dramatically as you level up.
You have an increased reservoir of magic. (+10% MP)
You shall have no god before yourself.
You possess an exceptional clarity of mind.
You occasionally shout uncontrollably at your foes.
Potions are less effective at restoring your health.


Message History

Unknown command.
Unknown command.
Casting: Chain Lightning (mildly dangerous; 1% risk of failure)
Confirm with . or Enter, or press ? or * to list all spells.
You don't have enough magic to cast this spell.
Unknown command.
Casting: Chain Lightning (mildly dangerous; 1% risk of failure)
Confirm with . or Enter, or press ? or * to list all spells.
You don't have enough magic to cast this spell.
There are monsters nearby!
Unknown command.
Magic courses through your body. You block Vewyri's attack.
The Killer Klown slaps you but does no damage.
The apocalypse crab is engulfed in seething chaos.
The apocalypse crab resists with almost no effort.
Vewyri gestures at you. The bolt of energy hits you.
* * * LOW HITPOINT WARNING * * *
Ystronip gestures.
Ystronip's surroundings become eerily quiet.
Uhimaun gestures at you. The crystal spear hits you!!!
* * * LOW HITPOINT WARNING * * *
You block the Killer Klown's attack. The apocalypse crab barely misses you.
The apocalypse crab claws you but does no damage.
Qij Oqa gestures.
You feel your power leaking away. Vewyri closely misses you.
Unknown command.
You open the lid... ...and a primal weirdshock beast leaps out!
The box is emptied!
The salamander changes into a black mamba!
The demonic crawler hits you but does no damage. x3
The Killer Klown blinks!
Uhimaun barely misses you. You block Ystronip's attack.
You block Vewyri's attack. The apocalypse crab barely misses you.
The apocalypse crab claws you but does no damage.
Qij Oqa hits you!!
You die...

...
.▓▓▓▓▓▓▓▓▓▓▓▓
...
.....†Ctsr..▓
...
.....H&8&s..▓
...
...p.C&§&...▓
...
......u{Ts[?▓
...
....St..§"[)▓
...
....†...§?)∩▓
..(
........}")>▓
...
....p...[!)∩▓
...
.........)!)▓
...


You could see Qij Oqa, Uhimaun, Vewyri, Ystronip (silencing), 2 Killer Klowns, a
red very ugly thing, a fire giant (ally target), a fire giant shaped shifter, 2
demonic crawlers, a deep troll shaped shifter, 2 apocalypse crabs, a black mamba
shaped shifter, a redback (summoned), a hell rat (summoned) and a friendly
primal weirdshock beast (summoned).

Vanquished Creatures
  Cerebov (Pan)
  Antaeus (Coc:7)
  the Royal Jelly (Slime:5)
  Asmodeus (Geh:7)
  Dissolution (Slime:5)
  Gloorx Vloq (Pan)
  17 pandemonium lords
  Ereshkigal (Tar:7)
  Lom Lobon (Pan)
  A seraph (Pan)
  Mnoleg (Pan)
  6 dread liches
  Khufu (Tomb:3)
  8 ancient liches
  Dispater (Dis:7)
  A juggernaut (Depths:4)
  Sojobo (Depths:1)
  36 royal mummies
  Boris (Depths:5)
  24 shard shrikes
  Frederick (Depths:5)
  Bai Suzhen (Vaults:3)
  7 Killer Klowns
  Margery (Vaults:3)
  Geryon (Hell)
  Xtahua (Crypt:1)
  Jory (Crypt:1)
  7 golden dragons
  Nikola (Swamp:1)
  13 pearl dragons
  13 doom hounds
  14 bone dragons
  9 iron giants
  38 Tzitzimimeh
  33 Brimstone Fiends
  9 tentacled monstrosities
  15 Hell Sentinels
  29 liches
  A shard shrike skeleton (Crypt:2)
  31 Ice Fiends
  3 deep elf blademasters
  2 quicksilver dragons (shapeshifter)
  6 quicksilver dragons
  7 titans
  2 deep elf master archers (Elf:3)
  26 acid blobs
  30 Executioners
  21 tentacled starspawn
  23 sphinxes
  28 ancient champions
  2 eldritch tentacles
  9 shadow dragons
  Agnes (Snake:2)
  Frances (Snake:1)
  A shadow dragon (shapeshifter) (Elf:1)
  The ghost of jejorda2 the Phalangite, an adept MfBe of Trog (D:14)
  Roxanne (Elf:2)
  A thorn hunter (Abyss:3)
  2 fenstrider witches (Swamp:1)
  4 draconian monks
  17 tengu reavers
  2 nagarajas (Snake:4)
  30 daevas
  5 storm dragons
  Donald (Vaults:3)
  10 rockslimes
  16 azure jellies
  21 fire giants
  4 revenants
  A fenstrider witch (shapeshifter) (Zig:11)
  11 blood saints
  5 draconian knights
  6 ghost moths
  The ghost of SirDiesAlot the Eclecticist, an adept DECj of Vehumet (Elf:1)
  5 deep elf sorcerers
  4 deep elf elementalists
  10 vault wardens
  5 draconian scorchers
  3 orc warlords
  11 draconian shifters
  23 frost giants
  Louise (Swamp:3)
  Aizul (Snake:2)
  11 iron dragons
  43 cacodemons
  8 warmongers
  52 balrugs
  9 draconian stormcallers
  A ghoul (Crypt:2)
  4 curse skulls
  52 angels
  4 spriggan defenders
  97 reapers
  6 draconian annihilators
  31 ophanim
  18 war gargoyles
  8 vampire knights
  16 quicksilver oozes
  8 bennus
  53 apis
  31 very ugly things
  16 ironbound preservers
  6 elemental wellsprings
  24 stone giants
  A stone giant (shapeshifter) (Zig:21)
  10 black suns (Pan)
  3 deep elf demonologists
  10 corrupters
  4 black draconians
  A dire elephant (shapeshifter) (Zig:21)
  6 purple draconians
  10 lorocyprocas
  5 green draconians
  A white draconian (Zig:10)
  A spectral titan (Crypt:3)
  20 deep elf annihilators
  5 dire elephants
  2 spark wasps (Depths:3)
  3 red draconians
  5 bunyips
  2 pale draconians (Depths:5)
  6 entropy weavers
  4 yellow draconians
  8 deep elf death magi
  7 green deaths (Pan)
  14 fire dragons
  10 eidola
  35 blizzard demons
  27 mummy priests
  8 quicksilver dragon zombies
  A merfolk javelineer (Abyss:3)
  21 ettins
  15 jiangshi
  6 eleionomae
  Josephine (D:10)
  6 deep elf high priests
  2 crystal guardians
  28 vault guards
  3 kraken zombies
  4 shambling mangroves (Swamp:4)
  2 spectral krakens (Tar:7)
  27 hydras
  16 great orbs of eyes
  9 ironbound thunderhulks
  20 yaktaur captains
  14 naga warriors
  11 rakshasas
  7 monstrous demonspawn (Pan)
  40 ice dragons
  9 boulder beetles
  2 hell beasts
  4 ghost crabs
  4 peacekeepers
  10 ironbound frosthearts
  An ogre mage (Zig:15)
  3 catoblepae
  Erica (Lair:1)
  12 anacondas
  4 salamander tyrants (Snake:4)
  5 quicksilver dragon skeletons
  7 spriggan air magi
  6 centaur warriors
  A death knight (Crypt:2)
  A satyr (Abyss:3)
  5 two-headed ogres
  28 dancing weapons
  7 tengu warriors
  10 deep troll earth magi
  48 death scarabs
  5 death yaks (Lair:6)
  An orc high priest (Elf:3)
  13 naga sharpshooters
  3 alligators
  10 shock serpents
  49 hell hogs
  3 deep troll shamans
  8 ironbound beastmasters
  10 titan zombies
  7 vampire magi
  78 sun demons
  13 storm dragon zombies
  64 soul eaters
  102 hell knights
  A shock serpent (shapeshifter) (Vaults:5)
  8 spriggan berserkers
  12 thrashing horrors
  31 deep elf knights
  8 titan skeletons
  27 shadow wraiths
  4 death drakes
  An iron golem (Dis:3)
  5 spatial maelstroms
  38 sixfirhies
  8 iron trolls
  21 wretched stars
  A fire crab (shapeshifter) (Elf:1)
  22 flayed ghosts
  7 goliath frogs
  5 ghost moth zombies
  5 salamander mystics
  16 anaconda zombies
  193 skeletal warriors
  5 golden dragon zombies
  10 gelid demonspawn (Pan)
  23 cherubim
  3 kraken simulacra (Coc:7)
  11 infernal demonspawn
  13 lindwurms
  66 deep trolls
  10 glowing orange brains
  2 obsidian statues
  7 storm dragon skeletons
  5 orange crystal statues
  A sea snake (shapeshifter) (Vaults:5)
  40 shadow demons
  8 torturous demonspawn (Pan)
  11 naga ritualists
  30 deep elf archers
  2 spriggan druids
  7 shadow dragon zombies
  7 orc knights
  7 swamp dragons
  21 ironbound convokers
  66 deep elf pyromancers
  6 golden dragon skeletons
  55 phantasmal warriors
  23 wizards
  6 anaconda skeletons
  11 mana vipers
  9 wolf spider zombies
  A harpy (shapeshifter) (D:13)
  16 bog bodies
  3 orc sorcerers
  An orb spider (shapeshifter) (Zig:21)
  10 stone giant zombies
  A spectral ettin (Crypt:3)
  4 manticores
  A goliath frog zombie (Crypt:2)
  7 worldbinders
  3 harpies (Vaults:1)
  26 necromancers
  A cyclops (shapeshifter) (Zig:3)
  31 deep elf zephyrmancers
  2 oklob plants (D:11)
  3 cyclopes (D:14)
  A mana viper (shapeshifter) (Zig:21)
  4 will-o-the-wisps
  A manticore (shapeshifter) (Elf:1)
  33 salamanders
  A spectral fire dragon (Crypt:3)
  8 fire giant zombies
  61 ugly things
  14 frost giant zombies
  An orb spider (Zig:13)
  A sphinx skeleton (Crypt:3)
  A shining eye (shapeshifter) (Elf:1)
  3 wolf spiders (Zig:13)
  7 iron dragon zombies
  13 shadow dragon skeletons
  A wolf spider (shapeshifter) (D:14)
  11 shining eyes
  10 iron dragon skeletons
  21 elephants
  7 apocalypse crabs
  4 moths of wrath
  13 dire elephant zombies
  10 fire giant skeletons
  Maurice (Orc:1)
  6 guardian serpents
  58 rust devils
  13 frost giant skeletons
  8 molten gargoyles
  2 water nymphs (shapeshifter)
  14 naga magi
  3 torpor snails
  A guardian serpent (shapeshifter) (Depths:4)
  7 storm dragon simulacra
  9 ice statues
  An eye of devastation (shapeshifter) (Elf:1)
  7 stone giant skeletons
  5 titan simulacra (Coc:7)
  44 black mambas
  A gargoyle (D:10)
  A shock serpent zombie (Geh:1)
  Joseph (Lair:1)
  8 eyes of devastation
  17 vault sentinels
  A toenail golem (Pan)
  76 smoke demons
  A shock serpent skeleton (Crypt:3)
  An unseen horror (Abyss:3)
  44 orange demons
  9 cane toads
  11 spectral swamp worms (Tar:7)
  2 black draconian zombies
  A purple draconian zombie (Crypt:2)
  43 hellions
  12 rime drakes
  2 sea snake zombies (Hell)
  7 anaconda simulacra
  56 freezing wraiths
  A kobold demonologist (Abyss:3)
  9 efreet
  6 emperor scorpion zombies
  A green draconian skeleton (Crypt:3)
  11 komodo dragons
  31 yaktaurs
  2 catoblepas zombies
  7 dire elephant skeletons
  32 demonic crawlers
  53 tormentors
  A yaktaur skeleton (Vaults:1)
  28 hellwings
  A sea snake skeleton (Hell)
  8 tengu conjurers
  3 catoblepas skeletons
  62 red devils
  An elf skeleton (Zig:12)
  5 human zombies
  2 entropy weaver simulacra (IceCv)
  14 ancient zymes
  50 guardian mummies
  57 ice devils
  7 polar bears
  3 harpy zombies
  2 jumping spiders (Zig:13)
  14 tyrant leeches
  23 hydra zombies
  A silent spectre (Tar:3)
  A meliai (shapeshifter) (Abyss:1)
  3 wind drakes (Zig:14)
  A bloated husk (Swamp:4)
  Prince Ribbit (Lair:3)
  A shadow dragon simulacrum (Coc:2)
  A hornet (shapeshifter) (Elf:1)
  2 spectral guardian serpents (Crypt:2)
  11 trolls
  A polar bear (shapeshifter) (Elf:3)
  9 hydra skeletons
  2 dream sheep (shapeshifter)
  19 ettin zombies
  24 hornets
  34 raiju
  25 blink frogs
  2 harpy skeletons
  11 dream sheep
  121 slime creatures
  12 fire dragon zombies
  8 ice dragon zombies
  A fire giant simulacrum (Tomb:2)
  13 ettin skeletons
  10 alligator zombies
  11 fire dragon skeletons
  4 air elementals
  2 centaur simulacra (Gauntlet)
  116 large abominations
  2 redbacks (Zig:13)
  A black mamba skeleton (Geh:7)
  241 flying skulls
  60 starcursed masses
  2 redbacks (shapeshifter)
  21 spriggans
  8 ice dragon skeletons
  34 shadows
  3 tarantellas (Zig:13)
  18 water elementals
  7 black mamba zombies
  4 vampires
  47 yaks
  A spriggan (shapeshifter) (Vaults:5)
  11 alligator skeletons
  43 wraiths
  4 dire elephant simulacra (IceCv)
  24 ushabtiu
  37 fire elementals
  22 humans
  5 wyverns
  4 fire bats
  Grum (D:8)
  67 chaos spawn
  36 ynoxinuls
  3 basilisks (Lair:3)
  43 neqoxecs
  16 steam dragons
  4 golden eyes
  10 vampire mosquitoes
  15 swamp worms
  5 harpy simulacra
  2 human simulacra
  A spatial vortex (Abyss:2)
  30 nagas
  6 wargs
  A swamp worm (shapeshifter) (Elf:1)
  2 merfolk zombies
  8 acid dragons
  A deep troll zombie (Crypt:1)
  22 water moccasins
  13 cane toad zombies
  8 hydra simulacra
  100 hell hounds
  A merfolk skeleton (Geh:3)
  A floating eye (shapeshifter) (Zig:15)
  8 floating eyes
  5 swamp drakes
  6 cane toad skeletons
  An ice beast (shapeshifter) (Vaults:5)
  19 ice beasts
  34 orc warriors
  An ice dragon simulacrum (Tar:7)
  A black bear (shapeshifter) (D:14)
  3 alligator simulacra
  A black mamba simulacrum (Abyss:3)
  2 manticore zombies (Coc:7)
  7 snapping turtle zombies
  A fire dragon simulacrum (Coc:2)
  7 ogres
  31 necrophages
  4 swamp dragon zombies
  A hog zombie (Crypt:2)
  49 wolves
  17 boggarts
  2 black bears (Lair:6)
  A manticore skeleton (Geh:5)
  6 phantoms
  3 swamp dragon skeletons
  6 centaurs
  26 small abominations
  A draconian zombie (Crypt:3)
  15 bullfrogs
  3 kobold brigands
  A salamander zombie (Crypt:3)
  12 earth elementals
  A wyvern zombie (Crypt:2)
  2 scorpions
  A palentonga skeleton (Crypt:2)
  A cyclops zombie (Crypt:1)
  4 cane toad simulacra
  2 elf zombies
  A water moccasin zombie (D:6)
  A shapeshifter zombie (Crypt:2)
  A troll zombie (Crypt:2)
  4 spriggan zombies
  129 wights
  2 elephant simulacra
  7 howler monkeys
  An electric eel (Lair:3)
  11 crimson imps
  6 centaur zombies
  3 quasits
  A demonspawn zombie (Crypt:1)
  3 hounds
  A bullfrog skeleton (D:5)
  A centaur skeleton (Coc:4)
  30 orc priests
  A wyvern simulacrum (Gauntlet)
  6 jellies
  2 human skeletons
  33 iron imps
  Jessica (D:2)
  Natasha (D:3)
  2 iguanas
  25 orc wizards
  A spriggan simulacrum (IceCv)
  A troll simulacrum (IceCv)
  A killer bee zombie (D:7)
  A naga zombie (Tomb:2)
  3 tengu zombies
  A naga skeleton (Tar:4)
  2 tengu skeletons
  A dwarf skeleton (Crypt:3)
  3 howler monkey zombies
  61 mummies
  A steam dragon zombie (Crypt:3)
  9 adders
  7 gnolls
  A naga simulacrum (IceCv)
  3 river rats (Sewer)
  15 shadow imps
  37 white imps
  7 ufetubi
  6 worms
  A dart slug (D:4)
  102 orcs
  8 ball pythons
  2 bats
  8 endoplasms
  6 giant cockroaches
  8 goblins
  7 hobgoblins
  24 jackals
  9 quokkas
  A frilled lizard (D:1)
  A goblin skeleton (D:4)
  A goblin zombie (D:4)
  16 kobolds
  A kobold skeleton (Pan)
  2 orc skeletons
  An orc zombie (Dis:5)
  13 rats
  A river rat skeleton (Crypt:2)
  14 briar patches (Swamp:1)
  A bush (Bazaar)
  2 fire vortices (Geh:7)
  A fulminant prism (Snake:2)
  3 lurking horrors
  17 starspawn tentacles
  15 tentacles
6716 creatures vanquished.

Vanquished Creatures (collateral kills)
  A cacodemon (Pan)
  An ironbound preserver (Zig:15)
  A minotaur (Gauntlet)
  3 vault guards (Vaults:5)
  3 hydras (Swamp:4)
  A monstrous demonspawn (Pan)
  A spriggan berserker (Swamp:4)
  A sun demon (Pan)
  3 soul eaters (Pan)
  3 bog bodies (Swamp:4)
  A flayed ghost (Geh:4)
  3 swamp dragons (Swamp:4)
  An orc knight (Zig:15)
  An elephant (Gauntlet)
  A molten gargoyle (Geh:4)
  A dire elephant skeleton (Tar:5)
  A freezing wraith (Tar:5)
  A demonic crawler (Pan)
  A shadow (Geh:1)
  A fire elemental (Geh:4)
  A neqoxec (Pan)
  A fire bat (Geh:1)
  4 swamp drakes (Swamp:4)
  3 wights (Geh:1)
  A crimson imp (Gauntlet)
  An ogre zombie (Geh:3)
41 creatures vanquished.

Vanquished Creatures (others)
  A profane servitor (Zig:18)
  2 eldritch tentacles
  2 blizzard demons
  2 deep elf knights
  A shock serpent skeleton (Geh:4)
  A hydra zombie (Coc:1)
  4 bloated husks (Swamp:1)
  A hornet (Swamp:1)
  An ice dragon zombie (Coc:7)
  A black mamba zombie (Geh:2)
  3 spriggans (Swamp:1)
  2 wraiths
  A yak (Lair:6)
  A fire elemental (Geh:1)
  An elf zombie (Geh:2)
  A white imp (Abyss:3)
  An orc zombie (Geh:4)
  13 bushes
  31 fire vortices
  15 foxfires
  412 fulminant prisms
  75 fungi
  3 lurking horrors (Abyss:3)
  113 plants
  42 starspawn tentacles
  21 tentacles
  2 withered plants (Swamp:4)
753 creatures vanquished.

Grand Total: 7510 creatures vanquished

Notes
Turn   | Place    | Note
-------+----------+-------------------------------------------
     0 | D:1      | Papr the Demigod Conjurer began the quest for the Orb.
     0 | D:1      | Reached XP level 1. HP: 14/14 MP: 5/5
   250 | D:1      | Reached XP level 2. HP: 14/20 MP: 0/7
   258 | D:1      | Learned a level 2 spell: Searing Ray
  1006 | D:1      | Reached XP level 3. HP: 26/26 MP: 5/8
  1778 | D:2      | Noticed Jessica
  1780 | D:2      | Killed Jessica
  1781 | D:2      | Reached skill level 5 in Conjurations
  1781 | D:2      | Reached XP level 4. HP: 33/33 MP: 6/10
  1798 | D:2      | Learned a level 4 spell: Iskenderun's Mystic Blast
  2801 | D:3      | Noticed Natasha
  2805 | D:3      | Killed Natasha
  2806 | D:3      | Reached skill level 1 in Translocations
  2806 | D:3      | Reached XP level 5. HP: 30/38 MP: 5/12
  3235 | D:3      | Noticed a moth of wrath
  3691 | D:4      | Found a runed translucent door.
  3691 | D:4      | Noticed a human
  4151 | D:4      | Killed a human
  4152 | D:4      | Reached XP level 6. HP: 39/45 MP: 3/13
  4157 | D:4      | Learned a level 4 spell: Fulminant Prism
  4307 | D:4      | Reached skill level 1 in Hexes
  4884 | D:4      | Found a runed translucent door.
  4885 | D:4      | Noticed Crazy Yiuf
  5182 | D:5      | Entered Level 5 of the Dungeon
  5345 | D:5      | Reached XP level 7. HP: 50/50 MP: 6/14
  6204 | D:6      | Found a glowing drain.
  6215 | Sewer    | Entered a sewer
  6638 | D:6      | Reached XP level 8. HP: 57/57 MP: 7/15
  7316 | D:6      | Found Xeuzaemoz's Weapon Shop.
  7803 | D:7      | Found a staircase to the Ecumenical Temple.
  8069 | Temple   | Entered the Ecumenical Temple
  8720 | D:8      | Reached skill level 1 in Fighting
  8733 | D:8      | Reached XP level 9. HP: 56/64 MP: 3/16
  8785 | D:8      | Noticed Grum
  8794 | D:8      | Reached skill level 10 in Conjurations
  8797 | D:8      | Killed Grum
  9779 | D:9      | Noticed a two-headed ogre
 10111 | D:9      | Reached skill level 5 in Fighting
 10484 | D:9      | Reached skill level 5 in Spellcasting
 10495 | D:9      | Reached XP level 10. HP: 50/84 MP: 5/22
 11072 | D:9      | Identified the +5 ring mail "Zofenoaxt" {+Inv rCorr Dex-4
                  | SInv}
 11310 | D:10     | Entered Level 10 of the Dungeon
 11542 | D:10     | Identified the +1 spear of Jeruhud {venom, Contam Str+6
                  | SInv}
 11689 | D:10     | Found Zinegex's Assorted Antiques.
 11706 | D:10     | Found Guitixit's Antique Armour Boutique.
 11724 | D:10     | Bought a glass ring for 185 gold pieces
 11741 | D:10     | Found Zin's Purification Station.
 11769 | D:10     | Found Faluyg's Book Shop.
 11803 | D:10     | Found Dogous's Distillery.
 11809 | D:10     | Bought a potion of curing for 33 gold pieces
 11833 | D:10     | Noticed a two-headed ogre
 11847 | D:10     | Killed a two-headed ogre
 12035 | D:10     | Noticed Josephine
 12046 | D:10     | Killed Josephine
 12367 | D:10     | Found Nairghoho's General Store.
 12650 | D:11     | Noticed a manticore
 12655 | D:11     | Killed a manticore
 12656 | D:11     | Reached XP level 11. HP: 70/95 MP: 24/26
 13008 | D:11     | Noticed a boulder beetle
 13255 | D:11     | Found a staircase to the Lair.
 13510 | D:11     | Reached skill level 10 in Fighting
 13568 | Lair:1   | Entered Level 1 of the Lair of Beasts
 13733 | Lair:1   | Noticed Joseph
 13740 | Lair:1   | Killed Joseph
 13902 | Lair:1   | Noticed a seven-headed hydra
 13911 | Lair:1   | Killed a seven-headed hydra
 14030 | Lair:1   | Noticed Erica
 14035 | Lair:1   | Killed Erica
 14167 | Lair:1   | Identified a scroll of acquirement
 14168 | Lair:1   | Acquired the +2 shield of Resistance {rF++ rC++ Will++}
 14169 | Lair:1   | Found the +2 shield of Resistance {rF++ rC++ Will++}
 14210 | Lair:1   | Identified the +1 pair of gloves of Gravitas {-Tele rPois
                  | rC+}
 14446 | Lair:2   | Reached skill level 1 in Shields
 14865 | Lair:2   | Reached skill level 5 in Shields
 14865 | Lair:2   | Reached XP level 12. HP: 107/108 MP: 29/29
 15531 | Lair:3   | Found a frozen archway.
 15540 | Lair:3   | Noticed Prince Ribbit
 15550 | Lair:3   | Killed Prince Ribbit
 15591 | IceCv    | Entered an ice cave
 16710 | IceCv    | Noticed a reaper
 16872 | IceCv    | Killed a reaper
 17144 | Lair:3   | Noticed a six-headed hydra
 17156 | Lair:3   | Killed a six-headed hydra
 17173 | Lair:3   | Noticed a five-headed hydra
 17178 | Lair:3   | Killed a five-headed hydra
 17179 | Lair:3   | Reached skill level 10 in Shields
 17915 | Lair:3   | Found a staircase to the Swamp.
 17967 | Lair:4   | Noticed a seven-headed hydra
 17973 | Lair:4   | Reached XP level 13. HP: 114/114 MP: 24/30
 19259 | Lair:4   | Found a staircase to the Snake Pit.
 20588 | Lair:6   | Entered Level 6 of the Lair of Beasts
 21926 | Lair:6   | Reached XP level 14. HP: 122/122 MP: 27/31
 22654 | Lair:6   | Reached skill level 15 in Shields
 23995 | Lair:5   | Learned a level 2 spell: Passwall
 24211 | Lair:6   | Reached skill level 1 in Transmutations
 24220 | Lair:6   | Paralysed by a hornet for 2 turns
 24224 | Lair:6   | Reached skill level 1 in Earth Magic
 25138 | Lair:6   | Found a runed translucent door.
 25139 | Lair:6   | Found a staircase to the Slime Pits.
 26420 | D:12     | Found a staircase to the Orcish Mines.
 27101 | Orc:1    | Entered Level 1 of the Orcish Mines
 27115 | Orc:1    | Found a one-way gate to the infinite horrors of the Abyss.
 27120 | Orc:1    | Noticed Maurice
 27526 | Orc:1    | Killed Maurice
 27734 | Orc:1    | You fall into a shaft and drop 1 floor!
 27734 | Orc:2    | Entered Level 2 of the Orcish Mines
 29110 | Orc:2    | Found a staircase to the Elven Halls.
 29454 | Orc:2    | Found Wiqisyd's Jewellery Shop.
 29584 | Orc:2    | Noticed an orc warlord
 29597 | Orc:2    | Killed an orc warlord
 29994 | Orc:2    | Found Setsuq's Antique Weapon Shop.
 30047 | Orc:2    | Found Bica's Antique Armour Boutique.
 30131 | Orc:2    | Bought a heavily runed leather armour for 154 gold pieces
 30131 | Orc:2    | Identified the +3 leather armour "Qikhlu Cong" {+Blink
                  | rElec rF- Dex-4} (You bought it in a shop on level 2 of the
                  | Orcish Mines)
 30204 | Orc:2    | Found Jiuriecs's Magic Scroll Emporium.
 30214 | Orc:2    | Bought a scroll of summoning for 104 gold pieces
 30214 | Orc:2    | Bought a scroll of blinking for 82 gold pieces
 30612 | D:10     | Acquired a ring of see invisible
 30614 | D:10     | Bought a book of Armaments for 396 gold pieces
 30614 | D:10     | Bought a book of Sloth for 396 gold pieces
 30640 | D:10     | Learned a level 4 spell: Animate Armour
 30647 | D:10     | Learned a level 6 spell: Statue Form
 30875 | D:13     | Reached XP level 15. HP: 114/132 MP: 22/33
 31295 | D:14     | Reached skill level 5 in Transmutations
 31296 | D:14     | Reached skill level 1 in Armour
 31296 | D:14     | Reached skill level 5 in Earth Magic
 31668 | D:14     | Found a portal to a secret trove of treasure.
 31696 | D:14     | Noticed jejorda2's ghost (adept MfBe)
 31893 | D:14     | Found a runed translucent gate.
 31893 | D:14     | Found a runed translucent gate.
 31894 | D:14     | Found a runed translucent gate.
 31900 | D:14     | Identified the +6 quarterstaff of Kowosch {vorpal, rF+
                  | Will+ SInv Stlth+}
 32283 | D:14     | Identified the amulet of Divine Intervention {Spirit rN+
                  | Int-5 Dex+3 SInv}
 32542 | D:14     | Found a gate to the Vaults.
 32722 | D:14     | You fall into a shaft and drop 1 floor!
 32722 | D:15     | Entered Level 15 of the Dungeon
 32766 | D:15     | Found a gate leading to a gauntlet.
 32784 | Gauntlet | Entered a Gauntlet
 32784 | Gauntlet | Found a transporter.
 32784 | Gauntlet | Found a transporter.
 32831 | Gauntlet | Found a transporter.
 32831 | Gauntlet | Found a transporter.
 32835 | Gauntlet | Found a transporter.
 32835 | Gauntlet | Found a transporter.
 32869 | Gauntlet | Found a transporter.
 32873 | Gauntlet | Found a transporter.
 32882 | Gauntlet | Found a transporter.
 32895 | Gauntlet | Found a runed translucent door.
 32897 | Gauntlet | Found a transporter.
 32899 | Gauntlet | Found a runed translucent door.
 32911 | Gauntlet | Found a transporter.
 32915 | Gauntlet | Found a transporter.
 33059 | Gauntlet | Identified the amulet "Jolonym" {RegenMP Fly rF++ Str-2}
 34143 | D:15     | Found a staircase to the Depths.
 34818 | Snake:1  | Entered Level 1 of the Snake Pit
 34833 | Snake:1  | Learned a level 7 spell: Orb of Destruction
 34835 | Snake:1  | Noticed Frances
 34895 | Snake:1  | Killed Frances
 34902 | Snake:1  | Reached skill level 10 in Spellcasting
 36318 | Snake:2  | Noticed Aizul
 36549 | Snake:2  | Noticed Agnes
 36655 | Snake:2  | Killed Agnes
 36824 | Snake:2  | Acquired a staff of conjuration
 37089 | Snake:2  | Reached XP level 16. HP: 143/143 MP: 30/35
 37430 | Snake:2  | Killed Aizul
 38761 | Snake:3  | Found Refus's Armour Shoppe.
 38763 | Snake:3  | Found Wuafo's Antique Weapon Emporium.
 38768 | Snake:3  | Bought a +0 helmet of intelligence for 172 gold pieces
 38807 | Snake:3  | Bought a slimy morningstar for 378 gold pieces
 38807 | Snake:3  | Identified the +7 morningstar of Midwinter {vorpal, Str+5
                  | Int+2} (You bought it in a shop on level 3 of the Snake
                  | Pit)
 39471 | D:8      | Learned a level 5 spell: Irradiate
 39641 | Swamp:1  | Entered Level 1 of the Swamp
 40070 | Snake:4  | Entered Level 4 of the Snake Pit
 41898 | Snake:4  | Gained mutation: You are clumsy. (Dex -2) [mutagenic glow]
 42395 | Snake:4  | Reached XP level 17. HP: 151/151 MP: 27/36
 42928 | Snake:4  | Got a serpentine rune of Zot
 43714 | Swamp:1  | Found a transporter.
 43719 | Swamp:1  | Noticed Nikola
 43728 | Swamp:1  | Killed Nikola
 43729 | Swamp:1  | Reached skill level 15 in Fighting
 43931 | Swamp:1  | Found a transporter.
 44500 | Swamp:2  | You are sucked into a shaft and drop 1 floor!
 44787 | Swamp:2  | Identified the +2 ring mail of Hyzeerom {rF++ Int-5}
 45049 | Swamp:3  | Noticed Louise
 45063 | Swamp:3  | Killed Louise
 45453 | Swamp:4  | Entered Level 4 of the Swamp
 45753 | Swamp:4  | Learned a level 6 spell: Death Channel
 45889 | Swamp:4  | Reached skill level 1 in Necromancy
 45989 | Swamp:4  | Found a runed translucent door.
 45989 | Swamp:4  | Noticed Kular's ghost (adept MiBe)
 46190 | Swamp:4  | Identified the +3 leather armour of Pamutued {Will+ rCorr
                  | Int+3}
 46543 | Swamp:4  | Reached XP level 18. HP: 168/168 MP: 30/37
 46708 | Swamp:4  | Identified the +11 whip of Ettyolac {drain, Contam rElec
                  | rPois Str+3}
 46815 | Swamp:4  | Got a decaying rune of Zot
 47150 | Elf:1    | Entered Level 1 of the Elven Halls
 47156 | Elf:1    | Paralysed by an air elemental for 1 turns
 47206 | Elf:1    | Reached skill level 5 in Necromancy
 47212 | Elf:1    | Gained mutation: You are weak. (Str -2) [mutagenic glow]
 47233 | Elf:1    | Found a flickering gateway to a bazaar.
 47248 | Bazaar   | Entered a bazaar
 47248 | Bazaar   | Found Izxooti's Armour Boutique.
 47248 | Bazaar   | Found Dulur's Assorted Antiques.
 47248 | Bazaar   | Found Xaihy's Antique Armour Shop.
 47248 | Bazaar   | Found Asaadi's Antique Armour Boutique.
 47588 | Bazaar   | Bought a scroll labelled VOVVURGH MADIN for 21 gold pieces
 47588 | Bazaar   | Bought a metallic cyan potion for 18 gold pieces
 47588 | Bazaar   | Bought a potion of cancellation for 168 gold pieces
 47598 | Bazaar   | Bought a +1 helmet of intelligence for 297 gold pieces
 47605 | Bazaar   | Bought a tattered robe for 131 gold pieces
 47605 | Bazaar   | Identified the +0 robe of Ochapran {-Cast +Inv rF+++
                  | Stlth+} (You bought it in a shop in a bazaar)
 47605 | Bazaar   | Bought a pair of slimy boots for 218 gold pieces
 47605 | Bazaar   | Identified the +0 pair of boots of Patience {-Tele rC-
                  | rCorr Int+10} (You bought it in a shop in a bazaar)
 47607 | Bazaar   | Bought a pair of brightly glowing boots for 275 gold pieces
 47607 | Bazaar   | Identified the +1 pair of boots of Infinity {rF++ rCorr
                  | Str+2 Int-2} (You bought it in a shop in a bazaar)
 47609 | Bazaar   | Bought a pair of embroidered boots for 217 gold pieces
 47645 | Bazaar   | Learned a level 5 spell: Freezing Cloud
 47877 | Elf:1    | Found a transporter.
 47877 | Elf:1    | Noticed a Hell Sentinel
 47987 | Elf:1    | Noticed SirDiesAlot's ghost (adept DECj)
 48057 | Elf:1    | Acquired a +0 pair of gloves of strength
 48098 | Elf:1    | Found Pigo's Jewellery Shop.
 48099 | Elf:1    | Found Niataruh's Book Shoppe.
 48099 | Elf:1    | Found Fuublod's Book Shoppe.
 48150 | Elf:1    | Found a transporter.
 49120 | Elf:1    | Found a runed translucent door.
 49225 | Elf:1    | Found Ohaugh's Neck Hole.
 49446 | Elf:2    | Reached skill level 1 in Evocations
 49613 | Elf:2    | Found Woacwyc's Weapon Shop.
 49744 | Elf:1    | Killed SirDiesAlot's ghost
 49788 | Elf:1    | Identified the +1 cloak "Bocal" {rF+ rC+ rN+ Will-}
 49791 | Elf:1    | Identified the ring of Emu Hum {Will+ rCorr Int-3 Dex+6
                  | Stlth+}
 49932 | Elf:2    | Identified Roxanne's Handbook of Transformation
 49932 | Elf:2    | Noticed Roxanne
 50160 | Elf:2    | Killed Roxanne
 50337 | Elf:2    | Found Jateck's Antique Armour Shoppe.
 50370 | Elf:2    | Found Ivaged's Jewellery Boutique.
 50509 | Elf:2    | Reached XP level 19. HP: 179/180 MP: 22/38
 50721 | Elf:2    | Reached skill level 5 in Evocations
 50735 | Elf:2    | Found a runed translucent gate.
 50735 | Elf:2    | Found a runed translucent gate.
 50736 | Elf:2    | Found a runed translucent gate.
 51593 | Elf:3    | Entered Level 3 of the Elven Halls
 52580 | Elf:3    | Identified the +5 ring mail of Ficluh {rF+}
 52741 | Elf:3    | Identified the +8 short sword "Fycel" {vamp, rElec}
 52800 | Elf:3    | Identified the +2 robe of Midnight {-Tele rF+ Str+7}
 53010 | Elf:3    | Identified the ring "Tekhle Ybbeh" {rPois rCorr Int+5}
 53054 | Elf:3    | Identified the +10 plate armour of Precision Catastrophes
                  | {Contam rCorr Str+7}
 53966 | Swamp:1  | Identified the +0 hat of Decoapez {rF+ rN+ Str+5 Int-2}
 53968 | Swamp:1  | Identified the ring of Lilibro {Fire *Slow rN+ Int+3}
 54203 | Vaults:1 | Entered Level 1 of the Vaults
 54487 | Vaults:1 | Found Ikhloshr Tulle's Jewellery Boutique.
 54596 | Vaults:1 | Found Muetzen's General Store.
 54654 | Vaults:1 | Found Naunn's Distillery.
 54706 | Vaults:1 | Reached XP level 20. HP: 173/193 MP: 24/41
 54906 | Vaults:1 | Identified the +4 quarterstaff "Watupso" {freeze, Will+}
 55379 | Vaults:1 | Found Jonnu's Armour Boutique.
 55616 | Vaults:1 | Found Feutughink's Weapon Shop.
 56463 | Vaults:2 | Identified the +7 arbalest of Ziaquagi {elec, rC+ Stlth+}
 56467 | Vaults:2 | Identified the +9 triple crossbow of Mofuowk {flame, rN+}
 56609 | Vaults:2 | Reached skill level 15 in Conjurations
 56943 | Vaults:2 | Found Lasodan's Armour Shoppe.
 57945 | Vaults:3 | Noticed Bai Suzhen
 57961 | Vaults:3 | Killed Bai Suzhen
 58290 | Vaults:3 | Noticed Margery
 58303 | Vaults:3 | Killed Margery
 58618 | Vaults:3 | Found a staircase to the Crypt.
 58809 | Vaults:3 | Identified the +11 trident "Zoitwiseri" {vamp, rElec rF-
                  | rCorr}
 58809 | Vaults:3 | Noticed Donald
 58813 | Vaults:3 | Killed Donald
 58955 | Vaults:3 | Noticed an ancient lich
 58960 | Vaults:3 | Killed an ancient lich
 58974 | Vaults:2 | Reached XP level 21. HP: 77/201 MP: 18/43
 59589 | Vaults:3 | Found Jeuplubb's Jewellery Emporium.
 60688 | Elf:1    | Bought a book of Annihilations for 560 gold pieces
 60698 | Elf:1    | Learned a level 9 spell: Chain Lightning
 61248 | Vaults:3 | Reached skill level 1 in Air Magic
 61615 | Vaults:4 | Identified the +3 hunting sling "Fiozirgh" {flame, rN++
                  | Str+3 Dex-5 Stlth+}
 61761 | Vaults:4 | Found Tippoy's Armour Boutique.
 62504 | Vaults:4 | Reached skill level 5 in Air Magic
 63643 | Vaults:4 | Found Kewat's Book Shop.
 64112 | Orc:2    | Bought a ring of wizardry for 300 gold pieces
 64400 | Crypt:1  | Entered Level 1 of the Crypt
 65541 | Crypt:1  | Noticed Xtahua
 65551 | Crypt:1  | Killed Xtahua
 65890 | Crypt:1  | Noticed Jory
 65896 | Crypt:1  | Killed Jory
 65899 | Crypt:1  | Upgraded the game from 0.27-a0-1532-gca18f49f40 to
                  | 0.27-a0-1548-gf8a67e7463
 66207 | Crypt:2  | Reached XP level 22. HP: 163/209 MP: 19/44
 66914 | Crypt:2  | Reached skill level 10 in Air Magic
 67638 | Crypt:3  | Entered Level 3 of the Crypt
 68536 | Crypt:3  | Got Ereshkigal's Papyrus of Darkness
 69090 | Crypt:3  | Identified the ring of Xom's Entertainment {rF- rN+ rCorr
                  | Int+4 Stlth+}
 69117 | Crypt:3  | Identified the ring "Wuoghore" {rF+ rN+ Int+4 Stlth+}
 69233 | Crypt:3  | Gained mutation: You are very weak. (Str -4) [mutagenic
                  | glow]
 69661 | Crypt:3  | Lost mutation: You are very weak. (Str -4) [potion of
                  | mutation]
 69661 | Crypt:3  | Lost mutation: You are clumsy. (Dex -2) [potion of
                  | mutation]
 69661 | Crypt:3  | Lost mutation: You are weak. (Str -2) [potion of mutation]
 69661 | Crypt:3  | Gained mutation: Your body sometimes deteriorates upon
                  | taking damage. [potion of mutation]
 69758 | Crypt:3  | Found a staircase to the Tomb.
 70098 | Tomb:1   | Entered Level 1 of the Tomb of the Ancients
 70867 | Tomb:1   | Noticed an ancient lich
 70872 | Tomb:1   | Killed an ancient lich
 71570 | D:14     | Reached skill level 15 in Air Magic
 71600 | D:14     | Killed jejorda2's ghost
 71995 | Slime:1  | Entered Level 1 of the Pits of Slime
 72090 | Slime:1  | Reached XP level 23. HP: 215/215 MP: 31/46
 72091 | Slime:1  | Gained mutation: You sometimes lose the ability to read
                  | scrolls when taking damage. [a shining eye]
 72154 | Slime:1  | Lost mutation: You sometimes lose the ability to read
                  | scrolls when taking damage. [potion of mutation]
 72154 | Slime:1  | Lost mutation: Your body sometimes deteriorates upon taking
                  | damage. [potion of mutation]
 72154 | Slime:1  | Gained mutation: You sometimes lose the ability to read
                  | scrolls when taking damage. [potion of mutation]
 73196 | Slime:5  | Entered Level 5 of the Pits of Slime
 73280 | Slime:5  | Noticed Dissolution
 73326 | Slime:5  | Killed Dissolution
 73386 | Slime:5  | Noticed the Royal Jelly
 73392 | Slime:5  | Killed the Royal Jelly
 73442 | Slime:5  | Gained mutation: You are clumsy. (Dex -2) [a shining eye]
 73444 | Slime:5  | Gained mutation: You are dopey. (Int -2) [a shining eye]
 73647 | Slime:5  | Identified the amulet of Moderation {Spirit rElec rC+
                  | Dex+3}
 73652 | Slime:5  | Got a slimy rune of Zot
 73653 | Slime:5  | Identified the ring "Xurhecsi" {rPois Will+}
 73669 | Slime:5  | Got the Reference Book on Dark Flames
 73680 | Slime:5  | Identified the +6 halberd of Petoggoje {vorpal, rPois rC-
                  | rN+}
 73692 | Slime:5  | Got Qaic's Grimoire of Transmigration and Dark Arts
 73697 | Slime:5  | Identified the +8 mace "Zatamoq" {freeze, Str+3 SInv}
 73711 | Slime:5  | Identified the +1 chain mail "Roan" {+Inv rPois MP+9 Str-4
                  | SInv}
 73721 | Slime:5  | Identified the ring of Osefad {Fly MP+9}
 74160 | Slime:3  | You are sucked into a shaft and drop 1 floor!
 74905 | Orc:1    | Voluntarily entered the Abyss.
 75411 | Orc:1    | Escaped the Abyss
 75612 | Orc:1    | Voluntarily entered the Abyss.
 75855 | Orc:1    | Escaped the Abyss
 75866 | Orc:1    | Voluntarily entered the Abyss.
 76136 | Abyss:3  | Reached XP level 24. HP: 224/224 MP: 24/47
 76601 | Orc:1    | Escaped the Abyss
 76791 | Orc:1    | Voluntarily entered the Abyss.
 76865 | Orc:1    | Escaped the Abyss
 77122 | Orc:1    | Voluntarily entered the Abyss.
 77262 | Abyss:3  | Gained mutation: You are weak. (Str -2) [a neqoxec]
 77603 | Orc:1    | Escaped the Abyss
 77913 | Orc:1    | Voluntarily entered the Abyss.
 77914 | Abyss:1  | Noticed an ancient lich
 77918 | Abyss:1  | Killed an ancient lich
 77943 | Abyss:1  | Reached skill level 15 in Spellcasting
 78043 | Abyss:1  | Lost mutation: You are weak. (Str -2) [a neqoxec]
 78222 | Orc:1    | Escaped the Abyss
 78374 | Orc:1    | Voluntarily entered the Abyss.
 78621 | Abyss:3  | Paralysed by accursed screaming for 1 turns
 78626 | Abyss:3  | Paralysed by accursed screaming for 2 turns
 78637 | Abyss:3  | Got an abyssal rune of Zot
 78647 | Orc:1    | Escaped the Abyss
 78945 | D:14     | Acquired 748 gold pieces
 78951 | D:14     | You showed the abyssal rune of Zot to enter a treasure
                  | trove
 78952 | Trove    | Entered a treasure trove
 78978 | Trove    | Identified the +10 crystal plate armour "Qant" {rC+ Will+++
                  | Str-5}
 79003 | Trove    | Identified the amulet "Xeriaf" {Faith Dex+2}
 79313 | Vaults:5 | Entered Level 5 of the Vaults
 79316 | Vaults:5 | Noticed a dread lich
 79327 | Vaults:4 | Killed a dread lich
 79328 | Vaults:4 | Reached XP level 25. HP: 235/235 MP: 11/48
 79619 | Vaults:4 | Lost mutation: You are dopey. (Int -2) [potion of mutation]
 79619 | Vaults:4 | Lost mutation: You sometimes lose the ability to read
                  | scrolls when taking damage. [potion of mutation]
 79619 | Vaults:4 | Lost mutation: You are clumsy. (Dex -2) [potion of
                  | mutation]
 79619 | Vaults:4 | Gained mutation: You are dopey. (Int -2) [potion of
                  | mutation]
 79619 | Vaults:4 | Gained mutation: You sometimes lose the ability to read
                  | scrolls when taking damage. [potion of mutation]
 79619 | Vaults:4 | Gained mutation: You tend to lose your temper in combat.
                  | [potion of mutation]
 79619 | Vaults:4 | Gained mutation: You are agile. (Dex +2) [potion of
                  | mutation]
 79620 | Vaults:4 | Lost mutation: You are agile. (Dex +2) [potion of mutation]
 79620 | Vaults:4 | Lost mutation: You tend to lose your temper in combat.
                  | [potion of mutation]
 79620 | Vaults:4 | Lost mutation: You sometimes lose the ability to read
                  | scrolls when taking damage. [potion of mutation]
 79620 | Vaults:4 | Gained mutation: You are partially covered in iridescent
                  | scales. (AC +2) [potion of mutation]
 79641 | Vaults:5 | Noticed an ancient lich
 79656 | Vaults:5 | Identified the +6 quarterstaff of Responsibility {speed,
                  | Int+4 Stlth+}
 79760 | Vaults:5 | Identified the ring of Zismiral {rPois rF+ SInv}
 79857 | Vaults:5 | Acquired 934 gold pieces
 79909 | Vaults:5 | Noticed a dread lich
 79913 | Vaults:5 | Killed a dread lich
 80028 | Vaults:5 | Identified the +6 rapier of Doubt {vorpal, *Corrode rElec
                  | Str+3 Int+3}
 80028 | Vaults:5 | Identified the ring "Hirovutt" {Ice rPois Str+4 Dex-5
                  | Slay+3}
 80262 | Vaults:5 | Noticed an ancient lich
 80270 | Vaults:5 | Killed an ancient lich
 80490 | Vaults:5 | Found the +7 pair of quick blades "Gyre" and "Gimble"
                  | {protect}
 80621 | Vaults:5 | Identified the +10 hunting sling of Premature Burial
                  | {freeze, Str+3}
 81168 | Vaults:1 | Bought the +8 flail "Waozaec" {vamp, Str+4 Int+5 Dex-3} for
                  | 841 gold pieces
 81419 | Vaults:5 | Killed an ancient lich
 81770 | Vaults:5 | Got a silver rune of Zot
 81859 | Vaults:5 | Found Dauteiwk's Magic Scroll Shoppe.
 81862 | Vaults:5 | Bought a scroll of magic mapping for 42 gold pieces
 81862 | Vaults:5 | Bought a scroll of teleportation for 36 gold pieces
 81862 | Vaults:5 | Bought a scroll of teleportation for 36 gold pieces
 82070 | Vaults:5 | Identified the +6 chain mail of Distant Worlds {Regen+}
 82073 | Vaults:5 | Got the Tome of Execration and Air
 82127 | Vaults:5 | Got the Almanac of Black Arts and Ice
 82132 | Vaults:5 | Identified the +5 chain mail of Resourcefulness {Rampage
                  | rC+ Will+++ Str-4}
 82489 | Depths:1 | Entered Level 1 of the Depths
 82672 | Elf:1    | Bought a manual of Spellcasting for 1280 gold pieces
 82674 | Elf:1    | Bought the ring of Goquziv {rPois rC+ Int+6 Slay+3} for
                  | 1339 gold pieces
 82927 | Depths:1 | Noticed Sojobo
 82933 | Depths:1 | Killed Sojobo
 83736 | Depths:1 | Reached XP level 26. HP: 248/248 MP: 40/51
 84054 | Depths:1 | Found a gateway to Hell.
 84137 | Hell     | Entered the Vestibule of Hell
 84137 | Hell     | Noticed Geryon
 84140 | Hell     | Killed Geryon
 84689 | Hell     | Found a gateway to the ashen valley of Gehenna.
 84739 | Hell     | Found a gateway to the Iron City of Dis.
 84977 | Hell     | Found a gateway to the decaying netherworld of Tartarus.
 85095 | Hell     | Found a gateway to the freezing wastes of Cocytus.
 85203 | Geh:1    | Entered Level 1 of Gehenna
 85203 | Geh:1    | Found a gateway to Hell.
 85761 | Depths:2 | Found a gateway to a ziggurat.
 85973 | Depths:2 | Found Vuiry's Antique Armour Emporium.
 86116 | Depths:2 | Bought a pair of glowing boots for 337 gold pieces
 86812 | Depths:3 | Found a one-way gate leading to the halls of Pandemonium.
 86925 | Depths:3 | Identified the +2 dagger "Brush" {vorpal, Fly rC- Int+2
                  | Dex+4}
 87943 | D:10     | Bought a book of the Sky for 484 gold pieces
 87952 | D:10     | Learned a level 8 spell: Maxwell's Capacitive Coupling
 88257 | Depths:2 | Identified the +0 tower shield of the Salmon {rN+ Str+3}
 89060 | Depths:4 | Reached XP level 27. HP: 260/260 MP: 40/54
 89391 | Depths:4 | Paralysed by a floating eye for 2 turns
 89415 | Depths:4 | Paralysed by a floating eye for 2 turns
 89956 | Depths:4 | Identified the +7 hunting sling of Egar {flame, MP+9 Int+6}
 90009 | Depths:4 | Noticed a juggernaut
 90012 | Depths:4 | Killed a juggernaut
 90023 | Depths:4 | Identified the +9 shortbow of Sunlight {vorpal, rElec rN+}
 90683 | Depths:5 | Entered Level 5 of the Depths
 90978 | Depths:5 | Noticed Boris
 90979 | Depths:5 | Noticed Frederick
 90982 | Depths:5 | Killed Frederick
 91050 | Depths:5 | Killed Boris
 91404 | Depths:5 | Found a gate to the Realm of Zot.
 91952 | Depths:5 | Learned a level 7 spell: Spellforged Servitor
 92087 | Geh:1    | Reached skill level 1 in Summonings
 92800 | Geh:2    | Reached skill level 5 in Summonings
 95651 | Geh:7    | Entered Level 7 of Gehenna
 95951 | Geh:7    | Found the +7 sceptre of Asmodeus
 95951 | Geh:7    | Noticed Asmodeus
 95958 | Geh:7    | Killed Asmodeus
 96017 | Geh:7    | Got an obsidian rune of Zot
 96186 | Geh:7    | Reached skill level 27 in Fighting
 96427 | Geh:7    | Found the +6 arbalest "Damnation" {damnation}
 96434 | Geh:7    | Identified the +4 ring mail "Leicasyo" {+Inv Int+4 Dex-4}
 96438 | Geh:7    | Acquired the +9 staff of Wucad Mu {*channel}
 96439 | Geh:7    | Found the +9 staff of Wucad Mu {*channel}
 96445 | Geh:7    | Identified the +3 ring mail of Elyvilon's Delight {rF+
                  | rCorr}
 96447 | Geh:7    | Identified the +9 hand axe of Ibbuex {venom, rC+}
 96615 | Hell     | Learned a level 7 spell: Malign Gateway
 96695 | Tar:1    | Entered Level 1 of Tartarus
 96714 | Tar:1    | Reached skill level 5 in Translocations
 96915 | Hell     | Learned a level 9 spell: Fire Storm
 97017 | Coc:1    | Entered Level 1 of Cocytus
 97023 | Coc:1    | Reached skill level 1 in Fire Magic
 99271 | Coc:6    | Reached skill level 5 in Fire Magic
 99660 | Coc:7    | Entered Level 7 of Cocytus
100087 | Coc:4    | Reached skill level 10 in Fire Magic
100568 | Coc:7    | Reached skill level 27 in Spellcasting
100717 | Coc:7    | Found the amulet of the Air {Inacc Air Fly rElec RMsl}
101164 | Coc:7    | Noticed Antaeus
101638 | Coc:7    | Killed Antaeus
101639 | Coc:7    | Reached skill level 10 in Translocations
101804 | Coc:7    | Got an icy rune of Zot
101995 | Dis:1    | Entered Level 1 of the Iron City of Dis
102004 | Dis:1    | Reached skill level 1 in Throwing
102544 | Dis:5    | Reached skill level 5 in Throwing
102634 | Dis:5    | Reached skill level 10 in Evocations
102936 | Dis:7    | Entered Level 7 of the Iron City of Dis
103680 | Dis:5    | Reached skill level 10 in Throwing
104451 | Dis:7    | Upgraded the game from 0.27-a0-1548-gf8a67e7463 to
                  | 0.27-a0-1555-g0e7b3fb1d2
104927 | Dis:7    | Found the +4 staff of Dispater
104927 | Dis:7    | Noticed Dispater
104930 | Dis:7    | Killed Dispater
105101 | Dis:7    | Got an iron rune of Zot
105228 | Dis:7    | Got the Reference Book on Dark Clay
105331 | Dis:7    | Got the Handbook of the Bewitching Birds
105385 | Dis:7    | Found the +0 pair of fencer's gloves {Riposte Dex+3}
105386 | Dis:7    | Identified the +5 chain mail of Greed {rN+ Will+ Stlth+}
105674 | Tar:3    | Reached skill level 1 in Ice Magic
105901 | Tar:5    | Reached skill level 5 in Ice Magic
106550 | Tar:6    | Noticed a dread lich
106551 | Tar:6    | Noticed a dread lich
106553 | Tar:6    | Killed a dread lich
106554 | Tar:6    | Reached skill level 10 in Ice Magic
106554 | Tar:6    | Killed a dread lich
106588 | Tar:7    | Entered Level 7 of Tartarus
107254 | Tar:7    | Identified the +10 broad axe "Udoez" {freeze, rCorr Int-4
                  | Stlth+}
107333 | Tar:7    | Identified the +9 quarterstaff "Tuezus" {drain, rElec Str-4
                  | Dex+3}
107333 | Tar:7    | Noticed Ereshkigal
107391 | Tar:7    | Reached skill level 15 in Ice Magic
107666 | Tar:7    | Learned a level 9 spell: Polar Vortex
108081 | Tar:7    | Identified the +7 hand crossbow of a sewer {flame, *Slow
                  | Str+2 Dex+4 SInv}
108326 | Tar:7    | Killed Ereshkigal
108343 | Tar:7    | Got a bone rune of Zot
108351 | Tar:7    | Identified the +1 scale mail of the Assorted Invaders
                  | {Rampage rPois}
108354 | Tar:7    | Identified the +6 chain mail of Purpose {rN+ Str+3 Dex+2}
110294 | Pan      | Entered Pandemonium
110311 | Pan      | Reached skill level 15 in Throwing
110311 | Pan      | Reached skill level 15 in Evocations
110432 | Pan      | Noticed Luleiffi the pandemonium lord
110436 | Pan      | Killed Luleiffi the pandemonium lord
110517 | Pan      | Got Momuucoz's Reference Book on Curses
111492 | Pan      | Noticed Utupp the pandemonium lord
111500 | Pan      | Killed Utupp the pandemonium lord
112569 | Pan      | Noticed Esilirr the pandemonium lord
112575 | Pan      | Killed Esilirr the pandemonium lord
113450 | Pan      | Noticed Zot Socw the pandemonium lord
113455 | Pan      | Killed Zot Socw the pandemonium lord
113681 | Pan      | Found an exit through the horrors of the Abyss.
114359 | Pan      | Gained mutation: Armour fits poorly on your strangely
                  | shaped body. [a neqoxec]
114793 | Pan      | Noticed Deamaf the pandemonium lord
114800 | Pan      | Killed Deamaf the pandemonium lord
115071 | Pan      | Found an exit through the horrors of the Abyss.
115733 | Pan      | Identified the +1 tower shield of the Ornamental Dragon
                  | {Contam rF+ rC+ Str+6}
116383 | Pan      | Identified the +0 tower shield of Geiff {rF++ rN+ Int-3
                  | SInv}
116790 | Pan      | Identified the ring "Piwnegy" {rN++ Will+ Str+4}
116959 | Pan      | Identified the amulet of Luoloih {Acrobat rPois}
116959 | Pan      | Identified the ring "Cidoucze" {Will+ Str+3 Int-5 SInv}
116959 | Pan      | Noticed a seraph
116963 | Pan      | Killed a seraph
117119 | Pan      | Got a demonic rune of Zot
117121 | Pan      | Identified the +5 trident "Hugrail" {vorpal, rElec}
118277 | Depths:3 | Escaped Pandemonium
118286 | Depths:3 | Acquired 896 gold pieces
118875 | Pan      | Entered Pandemonium
119382 | Pan      | Noticed Uputt the pandemonium lord
119387 | Pan      | Killed Uputt the pandemonium lord
119631 | Pan      | Gained mutation: You are weak. (Str -2) [a neqoxec]
119719 | Pan      | Entered the realm of Mnoleg.
120132 | Pan      | Gained mutation: You are frail. (-10% HP) [a neqoxec]
120137 | Pan      | Gained mutation: Your body sometimes deteriorates upon
                  | taking damage. [a neqoxec]
120139 | Pan      | Lost mutation: Your body sometimes deteriorates upon taking
                  | damage. [potion of mutation]
120139 | Pan      | Lost mutation: You are dopey. (Int -2) [potion of mutation]
120139 | Pan      | Gained mutation: Your spells are a little harder to cast,
                  | but a little more powerful. [potion of mutation]
120139 | Pan      | Gained mutation: You possess an exceptional clarity of
                  | mind. [potion of mutation]
120717 | Pan      | Gained mutation: You are very frail. (-20% HP) [a shining
                  | eye]
120723 | Pan      | Gained mutation: Potions are less effective at restoring
                  | your health. [a shining eye]
120785 | Pan      | Gained mutation: You occasionally shout uncontrollably at
                  | your foes. [a cacodemon]
120838 | Pan      | Noticed Mnoleg
120848 | Pan      | Killed Mnoleg
120914 | Pan      | Lost mutation: You possess an exceptional clarity of mind.
                  | [a cacodemon]
121249 | Pan      | Gained mutation: You are dopey. (Int -2) [a cacodemon]
121344 | Pan      | Gained mutation: You do not regenerate when monsters are
                  | visible. [a cacodemon]
121352 | Pan      | Gained mutation: Your body sometimes deteriorates upon
                  | taking damage. [a cacodemon]
122129 | Pan      | Got a glowing rune of Zot
122417 | Pan      | Gained mutation: Your body often deteriorates upon taking
                  | damage. [a neqoxec]
122474 | Pan      | Lost mutation: You do not regenerate when monsters are
                  | visible. [potion of mutation]
122474 | Pan      | Lost mutation: You are weak. (Str -2) [potion of mutation]
122474 | Pan      | Lost mutation: You are partially covered in iridescent
                  | scales. (AC +2) [potion of mutation]
122475 | Pan      | Lost mutation: Your spells are a little harder to cast, but
                  | a little more powerful. [potion of mutation]
122475 | Pan      | Lost mutation: Armour fits poorly on your strangely shaped
                  | body. [potion of mutation]
122475 | Pan      | Gained mutation: You are agile. (Dex +2) [potion of
                  | mutation]
122476 | Pan      | Lost mutation: You are very frail. (-20% HP) [potion of
                  | mutation]
122476 | Pan      | Lost mutation: You are dopey. (Int -2) [potion of mutation]
122476 | Pan      | Lost mutation: Your body often deteriorates upon taking
                  | damage. [potion of mutation]
122476 | Pan      | Gained mutation: You possess an exceptional clarity of
                  | mind. [potion of mutation]
122480 | Pan      | Entered the realm of Gloorx Vloq.
122515 | Pan      | Noticed Gloorx Vloq
122520 | Pan      | Killed Gloorx Vloq
123504 | Pan      | Got a dark rune of Zot
124019 | Pan      | Entered the realm of Cerebov.
124337 | Pan      | Identified the amulet "Wemutir" {Reflect Int+4 SH+5}
124339 | Pan      | Identified the +4 arbalest of the Puffin {vorpal, MP+9
                  | Str-3 Int+8}
124439 | Pan      | Identified the +5 whip "Jellybane" {vorpal, Int+2 Dex+4}
124607 | Pan      | Found the +6 sword of Cerebov {flame}
124607 | Pan      | Noticed Cerebov
124612 | Pan      | Killed Cerebov
124661 | Pan      | Got a fiery rune of Zot
124682 | Pan      | Identified the +8 scimitar of the Skies Above {protect,
                  | Str+7 SInv}
124686 | Pan      | Got the Collected Works on the Harmful Frostbite
125043 | Pan      | Found an exit through the horrors of the Abyss.
125058 | Depths:3 | Escaped Pandemonium
125833 | Pan      | Entered the realm of Lom Lobon.
125833 | Pan      | Entered Pandemonium
125983 | Pan      | Noticed Lom Lobon
125987 | Pan      | Killed Lom Lobon
126009 | Pan      | Got a magical rune of Zot
127503 | Pan      | Found a transporter.
127518 | Pan      | Identified the ring of Rivisism {rF+ Int+6 SInv}
127532 | Pan      | Found a transporter.
127548 | Pan      | Identified the +5 short sword "Loir" {vorpal, +Blink Str-4
                  | Dex+8}
127639 | Pan      | Gained mutation: You sometimes lose the ability to read
                  | scrolls when taking damage. [a neqoxec]
127645 | Pan      | Lost mutation: You sometimes lose the ability to read
                  | scrolls when taking damage. [potion of mutation]
127645 | Pan      | Lost mutation: Your body sometimes deteriorates upon taking
                  | damage. [potion of mutation]
127645 | Pan      | Lost mutation: You are agile. (Dex +2) [potion of mutation]
127645 | Pan      | Lost mutation: You are frail. (-10% HP) [potion of
                  | mutation]
127917 | Pan      | Identified the +0 cloak "Xup Irul" {Str+4 Slay+2}
127919 | Pan      | Identified the ring "Uzeimar" {Str+3 Int+6}
128253 | Pan      | Found an exit through the horrors of the Abyss.
128270 | Pan      | Took an exit into the Abyss.
128270 | Abyss:1  | Escaped into the Abyss
128271 | Abyss:1  | Noticed an ancient lich
128274 | Abyss:1  | Killed an ancient lich
128311 | Depths:3 | Escaped the Abyss
129922 | Tomb:2   | Learned a level 8 spell: Necromutation
130394 | Tomb:1   | Reached skill level 10 in Transmutations
132110 | Tomb:2   | Reached skill level 15 in Transmutations
132820 | Tomb:3   | Entered Level 3 of the Tomb of the Ancients
133589 | Vaults:1 | Bought a scroll of fog for 24 gold pieces
133589 | Vaults:1 | Bought a scroll of blinking for 90 gold pieces
134517 | Tomb:3   | Noticed Khufu
134521 | Tomb:3   | Killed Khufu
134537 | Tomb:3   | Identified the +0 kite shield of Circular Logic {Rampage
                  | rC++}
134672 | Tomb:3   | Got a golden rune of Zot
134914 | Tomb:3   | Identified the ring "Uqadonab" {Fly Int+2}
134934 | Tomb:3   | Got the Reference Book on Arcane Weapons
135009 | Tomb:3   | Identified the +8 battleaxe "Xefo" {freeze, +Blink Will-
                  | MP+9 Str+6}
135660 | Zig:1    | Entered Level 1 of a ziggurat
135680 | Zig:2    | Entered Level 2 of a ziggurat
135710 | Zig:3    | Entered Level 3 of a ziggurat
135723 | Zig:3    | Learned a level 7 spell: Storm Form
135733 | Zig:3    | Identified the +9 hunting sling "Nanoheam" {vorpal, MP-9
                  | Str+9}
135794 | Zig:4    | Entered Level 4 of a ziggurat
135796 | Zig:4    | Paralysed by an air elemental for 1 turns
135852 | Zig:5    | Entered Level 5 of a ziggurat
135864 | Zig:5    | Identified the +5 hand axe of Qymyn {venom, rPois}
135866 | Zig:5    | Identified the ring of Xepaffir {rF+ MP+9 EV+4}
135877 | Zig:5    | Identified the ring of Fumam {rC+ Str+4}
135881 | Zig:6    | Entered Level 6 of a ziggurat
135885 | Zig:6    | Noticed Xegaefox the pandemonium lord
135887 | Zig:6    | Killed Xegaefox the pandemonium lord
135917 | Zig:7    | Entered Level 7 of a ziggurat
135924 | Zig:7    | Noticed Vonitisu the pandemonium lord
135926 | Zig:7    | Killed Vonitisu the pandemonium lord
135982 | Zig:7    | Identified the amulet of Muxizoof {rElec Regen+ Dex+6}
136003 | Zig:8    | Entered Level 8 of a ziggurat
136012 | Zig:8    | Found the necklace of Bloodlust {*Rage +Rage Will++ Int-3
                  | Slay+6}
136056 | Zig:9    | Entered Level 9 of a ziggurat
136067 | Zig:9    | Noticed Liuffap the pandemonium lord
136070 | Zig:9    | Killed Liuffap the pandemonium lord
136194 | Zig:9    | Identified the +1 robe "Henayh" {rF+ Regen+ Str+6}
136200 | Zig:9    | Identified the ring "Piluece" {Will- rCorr AC+4 Str-3
                  | Int+8}
136217 | Zig:10   | Entered Level 10 of a ziggurat
136253 | Zig:10   | Identified the +5 short sword of the Unspeakable One
                  | {vorpal, rPois}
136545 | Zig:11   | Entered Level 11 of a ziggurat
136558 | Zig:11   | Noticed Jairoj the pandemonium lord
136558 | Zig:11   | Noticed Zaqy the pandemonium lord
136559 | Zig:11   | Found the +2 robe of Vines {NoPotionHeal Regen+++}
136561 | Zig:11   | Killed Jairoj the pandemonium lord
136562 | Zig:11   | Reached skill level 27 in Throwing
136564 | Zig:11   | Killed Zaqy the pandemonium lord
136571 | Zig:11   | Got the Collected Works on Displacement
136605 | Zig:12   | Entered Level 12 of a ziggurat
136613 | Zig:12   | Noticed an ancient lich
136616 | Zig:12   | Killed an ancient lich
136641 | Zig:12   | Reached skill level 27 in Evocations
136821 | Zig:12   | Identified the ring "Pahagov" {Fire Drain rPois Dex+8}
136823 | Zig:12   | Identified the +9 quarterstaff of Frustration {venom, Fly
                  | rF+ MP+9}
136829 | Zig:12   | Identified the +11 lajatang of Mandamus {antimagic, rF+
                  | Str+3 Dex-2}
136839 | Zig:13   | Entered Level 13 of a ziggurat
136900 | Zig:13   | Learned a level 6 spell: Death Channel
136907 | Zig:13   | Identified the ring "Jososmat" {Ice rN+}
136909 | Zig:13   | Identified the amulet of Tuhaut {RegenMP rF+ Regen+}
136919 | Zig:13   | Identified the +10 plate armour "Taduqoh" {+Inv Will-
                  | Slay+3 Stlth+}
136923 | Zig:13   | Identified the amulet of the Evening {Spirit Dex+4}
136928 | Zig:13   | Identified the ring "Gyarph Farir" {Wiz *Slow rElec rPois
                  | rN+}
136944 | Zig:14   | Entered Level 14 of a ziggurat
137067 | Zig:14   | Found the ring of the Hare {EV+8}
137085 | Zig:14   | Identified the ring "Zaxoopis" {rPois Int+3 Slay-4}
137116 | Zig:15   | Entered Level 15 of a ziggurat
137129 | Zig:15   | Noticed a dread lich
137132 | Zig:15   | Noticed a dread lich
137133 | Zig:15   | Noticed an ancient lich
137137 | Zig:15   | Killed a dread lich
137138 | Zig:15   | Killed a dread lich
137138 | Zig:15   | Killed an ancient lich
137361 | Zig:15   | Identified the +3 scythe of Kydd {protect, rElec Int+5}
137362 | Zig:15   | Identified the +12 battleaxe of the Scroll {pain, *Corrode
                  | Fragile +Rage rN++}
137372 | Zig:16   | Entered Level 16 of a ziggurat
137408 | Zig:16   | Identified the amulet of Neurosis {Faith *Slow rPois rF+
                  | Int+4}
137409 | Zig:16   | Identified the +8 double sword of Fewus {freeze, rC+ rN+
                  | Str-4 Dex+2 Stlth+}
137502 | Zig:17   | Entered Level 17 of a ziggurat
137539 | Zig:17   | Identified the ring of the Genius {*Corrode Will+ Dex+3
                  | SInv Stlth+}
137541 | Zig:17   | Identified the ring of the Jester {Contam +Blink rPois
                  | Int+6}
137549 | Zig:17   | Identified the +0 pair of gloves of the Pits of Slime
                  | {Int+4}
137550 | Zig:17   | Identified the +4 falchion "Jovunwir" {flame, rF+ Dex+2}
137602 | Zig:18   | Entered Level 18 of a ziggurat
137651 | Zig:18   | Identified the +5 shortbow of Kindness {flame, rC++ Int+4
                  | Dex-3 SInv}
137674 | Zig:19   | Entered Level 19 of a ziggurat
137701 | Zig:19   | Identified the +0 tower shield of Xoreh {Will- Str+9 Dex-3
                  | SInv}
137957 | Zig:19   | Identified the ring "Qolotaela" {Wiz rF+ rCorr Str+2}
137986 | Zig:19   | Identified the +6 quarterstaff of Hod Ehat {flame, MP+9
                  | Str+3 SInv}
137996 | Zig:19   | Identified the +8 hand axe of the Smoking Seeker {drain,
                  | Will+}
138003 | Zig:20   | Entered Level 20 of a ziggurat
138236 | Zig:20   | Identified the +1 scale mail of Vajeck {+Inv rC+ Dex+7}
138245 | Zig:20   | Identified the +6 morningstar "Worm's Wrath" {vamp, rElec
                  | rC+ rCorr Int-2 Dex+3}
138249 | Zig:20   | Identified the +5 hand axe of Onocvatu {freeze, rF+}
138251 | Zig:20   | Identified the ring "Gusif" {rF+ MP+9 SInv}
138254 | Zig:20   | Identified the +1 scale mail of Inicin {rElec rCorr Str+4
                  | Slay+3}
138290 | Zig:21   | Entered Level 21 of a ziggurat
138299 | Zig:21   | Noticed Qesegesk the pandemonium lord
138300 | Zig:21   | Noticed Ysoewkul the pandemonium lord
138300 | Zig:21   | Noticed Mazas the pandemonium lord
138303 | Zig:21   | Noticed Isat the pandemonium lord
138305 | Zig:21   | Noticed Kelockiv the pandemonium lord
138309 | Zig:21   | Noticed Tiwneod the pandemonium lord
138309 | Zig:21   | Noticed Ariog the pandemonium lord
138312 | Zig:21   | Killed Qesegesk the pandemonium lord
138312 | Zig:21   | Killed Kelockiv the pandemonium lord
138312 | Zig:21   | Killed Ysoewkul the pandemonium lord
138312 | Zig:21   | Noticed Zicyps the pandemonium lord
138313 | Zig:21   | Killed Isat the pandemonium lord
138313 | Zig:21   | Killed Mazas the pandemonium lord
138313 | Zig:21   | Killed Tiwneod the pandemonium lord
138322 | Zig:21   | Noticed Qij Oqa the pandemonium lord
138322 | Zig:21   | Noticed Ystronip the pandemonium lord
138323 | Zig:21   | Noticed Uhimaun the pandemonium lord
138324 | Zig:21   | Noticed Vewyri the pandemonium lord
138329 | Zig:21   | HP: 9/354 [Uhimaun the pandemonium lord/crystal spear (61)]
138330 | Zig:21   | Mangled by Qij Oqa the pandemonium lord

Illustrated notes

Levels and vault maps discovered:
D:1:      amcnicky_arrival_choice, layout_rooms,
          shapermc_ecumenical_altar_petra, serial_glass, glass_columns_a,
          glass_columns_b, st_stairs_4
D:2:      layout_loops_cross, kennysheep_cross_room, uniq_jessica
D:3:      layout_basic, tgw_trog, uniq_natasha
D:4:      layout_cave_pods, old_standard_altar, dk_yredelemnul_ordeal,
          nicolae_gozag_cash_rules_everything_around_me, uniq_crazy_yiuf_cottage
D:5:      layout_rooms, mainiacjoe_overflow_swirl,
          hangedman_abyss_or_decor_jellyfish_corner, amethyst_killhole
D:6:      minmay_bubble_buster, layout_basic, fedhas_ov_isle_minmay,
          mainiacjoe_overflow_alcove_1, serial_shops, nicolae_shop_statue_plus,
          serial_corexii_hall, corexii_hall_statues_u,
          chequers_hall_statues_corner_a, chequers_hall_statues_corner_a,
          gup_sewer_entry_pipe
D:7:      layout_basic, minmay_temple_entry_large_hall
D:8:      layout_basic, mainiacjoe_overflow_chevrons, okawaru_altar_gauntlet_db,
          serial_glass, glass_columns_a, glass_columns_c, due_unseen_surprise,
          feat_on_display, item_on_display_a, minmay_strange_pillars, uniq_grum
D:9:      layout_basic, nicolae_vehumet_altar_sigil
D:10:     layout_basic, zin_purify, grunt_dithmenos_smoke, serial_shops,
          nicolae_shop_statue_plus, nicolae_shop_trees, nicolae_diamond_shop,
          shop, kennysheep_mini, minmay_misc_feat_tower, uniq_josephine
D:11:     layout_irregular_city, dpeg_oklobed_lair
D:12:     layout_loops_ring, erik_orc_4, cheibrodos_ashenzari_chains
D:13:     layout_rooms
D:14:     layout_roguey, grunt_vaults_entry_tiered, nicolae_trove_entry_crystal,
          gammafunk_ghost_split, minmay_misc_feat_diagonals
D:15:     grunt_enter_depths_snipers, layout_cave_pods, gauntlet_entry_generic
Temple:   compressed_dpeg_triangle_lava_temple
Lair:1:   layout_roguey, uniq_erica, uniq_joseph
Lair:2:   layout_chaotic_city, basic_altar, cheibrodos_lair_reptile_den
Lair:3:   layout_roguey, nicolae_swamp_entry_splash_gauntlet,
          portal_ice_cave_entry_ice_simulacra, kennysheep_basilisk_garden,
          uniq_prince_ribbit2
Lair:4:   layout_hall_layers, minmay_snake_entry_six_corridors,
          nicolae_lair_grove_arrangements, chequers_serial_rivers_micro_c,
          beast_lair_carwin_2
Lair:5:   layout_hall_layers
Lair:6:   minmay_lair_end_enchanted_forest, layout_regular_city, slime_altar_2,
          bobbens_dragon_lair_wall
Swamp:1:  gammafunk_worm_tunnel, layout_falls_marsh,
          evilmike_swamp_ruin_house_6, roderic_carrion_pond, uniq_nikola
Swamp:2:  layout_basic_swamp, evilmike_swamp_ruin_house_1,
          infiniplex_staircase_pool
Swamp:3:  layout_falls_marsh, evilmike_swamp_ruin_house_5, uniq_louise
Swamp:4:  swamp_basic_johnstein, layout_basic_swamp, gammafunk_ghost_grave
Snake:1:  layout_rooms, uniq_frances
Snake:2:  layout_rooms, serial_corexii_hall, corexii_hall_statues_l,
          corexii_hall_statues_l, grunt_ministairs_1, uniq_aizul, uniq_agnes
Snake:3:  layout_misc_corridors, serial_bayou_shore_b, minmay_shoptagon
Snake:4:  grunt_snake_rune_pools, layout_cave_town, drop_trap
Slime:1:  layout_caves
Slime:2:  layout_caves
Slime:3:  layout_caves
Slime:4:  layout_caves
Slime:5:  uniq_dissolution
Orc:1:    layout_caves, amcnicky_altar_lugonu_corruption, uniq_maurice
Orc:2:    grunt_orc_community_town_hall, layout_caves,
          grunt_orc_community_big_house_2, grunt_orc_community_big_house_2,
          grunt_orc_community_house_1, grunt_orc_community_house_1,
          grunt_orc_community_house_2, grunt_orc_community_house_1,
          grunt_orc_community_house_1, grunt_orc_community_house_1
Elf:1:    minmay_the_grid_triangle_9x9_recursive_3_mashed
          [minmay_the_grid_triangle_9x9_corruption,
          minmay_the_grid_triangle_9x9_descending_squares,
          minmay_the_grid_triangle_9x9_subtriangle,
          minmay_the_grid_triangle_9x9_prize_schism,
          minmay_the_grid_triangle_9x9_wacky_v,
          minmay_the_grid_triangle_9x9_warning,
          minmay_the_grid_triangle_9x9_corrupted_corridor,
          minmay_the_grid_triangle_9x9_sprig,
          minmay_the_grid_triangle_9x9_impossible_snake], layout_loops_ring,
          serial_shops, bzr_entry_dummy, gammafunk_ghost_berserking_beasts,
          hangedman_corner_corridor, nicolae_shop_sticking_my_neck_out,
          minmay_shop_grove
Elf:2:    layout_geoelf_octagon, serial_shops, nicolae_stop_n_shop_1,
          nicolae_shop_statue_plus, shop, nicolae_elf_big_sculpture_3,
          uniq_roxanne
Elf:3:    minmay_elf_hall_dome, layout_gridlike
Vaults:1: nicolae_vaults_network_periphery, ontoclasm_vaults_claustrophobia,
          v_rooms_3, grunt_vaults_diagonal,
          vaults_standard_mumra_enter_the_diamond, vaults_room_stairs_pillars,
          vaults_room_door_hall, v_misc_26, layout_vaults_big_room,
          serial_shops, shop, nicolae_shop_waterfront, nicolae_shop_trees,
          shop_statue, shop
Vaults:2: hangedman_vaults_stretched_pinwheel, v_misc_2, vaults_dpeg_ring,
          v_misc_15, vaults_room_hallway, vaults_room_door_ring, v_pattern_5,
          nicolae_vaults_yaktaur_gun_rack, layout_vaults_quadrants,
          serial_shops, nicolae_shop_competitors_out_of_business
Vaults:3: nicolae_vaults_network_barrier, nicolae_vaults_alarming,
          grunt_vaults_hallway_short, minmay_crypt_entry_nasty_monster,
          vaults_dpeg_hooks, grunt_vaults_twisty,
          nicolae_vaults_ring_of_whatevers, nicolae_vaults_network_s,
          nicolae_vaults_circle_grid_b, st_lines, hangedman_vaults_stream,
          nicolae_vaults_big_ls, nicolae_vaults_big_angled_halls,
          nicolae_vaults_asterisk, v_misc_25, vaults_room_pools,
          layout_vaults_ring, serial_shops, nicolae_shop_window_shopping,
          uniq_bai_suzhen, uniq_margery, uniq_donald
Vaults:4: v_misc_16, nicolae_vaults_angled_halls, grunt_vaults_hallway_short,
          nicolae_vaults_three_branches, hangedman_vaults_hard_town_square,
          vaults_room_large_hall, vaults_mumra_chevron,
          vaults_room_mumra_shop_pool, hangedman_vaults_maws,
          nicolae_vaults_shelves_hall, grunt_vaults_focal,
          ontoclasm_vaults_spin, layout_vaults_omnibox, serial_shops,
          shop_statue
Vaults:5
Crypt:1:  layout_misc_corridors, lemuel_mausoleum_altar_kikubaaqudgha,
          grunt_megastairs_2, grunt_crypt_arrival_split, uniq_jory, uniq_xtahua
Crypt:2:  layout_gridlike, nrook_guardian_serpent_ordinary, grunt_megastairs_1
Crypt:3:  church_of_pain_bobbens, layout_chaotic_city
Tomb:1
Tomb:2
Tomb:3
Depths:1: layout_gridlike, nicolae_sif_muna_condensation, hell_entry,
          wad_floor_pattern_untrapped, hangedman_abyss_or_decor_clamps,
          hangedman_abyss_or_decor_passed, hangedman_cracks_in_the_wall,
          serial_bayou_shore_a, uniq_sojobo
Depths:2: wad_statue_garden, layout_gridlike, enter_ziggurat_d,
          nicolae_uskayaw_murder_on_the_dancefloor, serial_shops,
          nicolae_inconvenience_store, hell_entry
Depths:3: minmay_tri_stars, layout_long_grid, serial_glass, glass_columns_a,
          glass_columns_b, hellmouth_3, abyss_entry, rand_demon_pan_entry_9,
          serial_bayou_shore_b, infiniplex_staircase_pillars_1,
          serial_bayou_shore_b
Depths:4: hangedman_slaughterboxes, abyss_entry, hell_entry
Depths:5: evilmike_zot_entry_gauntlet, layout_cave_pools,
          minmay_misc_feat_encased, pf_hell_entry_tar_spiral,
          grunt_megastairs_3, uniq_frederick, uniq_boris
Hell
Dis:1:    layout_chaotic_city
Dis:2:    layout_subdivisions
Dis:3:    layout_chaotic_city
Dis:4:    layout_chaotic_city
Dis:5:    layout_chaotic_city
Dis:6:    hangedman_iron_city_apartments, layout_regular_city,
          hangedman_dis_decor_blocks_mantle
Dis:7:    iron_city_of_dis [dis_old, dis_wall_2], layout_chaotic_city
Geh:1:    layout_gehenna_lava_caves
Geh:2:    layout_gehenna_lava_caves, gehenna_fire_generator, lemuel_hellion_isle
Geh:3:    layout_gehenna_lava_caves
Geh:4:    layout_gehenna_lava_caves, gehenna_fire_generator
Geh:5:    layout_gehenna_pools_box
Geh:6:    layout_gehenna_lava_caves
Geh:7:    evilmike_geh
Coc:1:    layout_cocytus_water_paths
Coc:2:    layout_cocytus_water_paths
Coc:3:    layout_cocytus_water_paths
Coc:4:    layout_ice_bergs
Coc:5:    layout_ice_bergs
Coc:6:    layout_cocytus_water_paths
Coc:7:    coc_hangedman
Tar:1:    layout_grid_maze
Tar:2:    layout_catacombs
Tar:3:    layout_catacombs
Tar:4:    layout_cathedral_of_symmetry,
          hangedman_mysterious_dungeon_monster_house
Tar:5:    layout_grid_maze
Tar:6:    grunt_deathspiral_small, layout_cathedral_of_symmetry
Tar:7:    tar_minmay_river
Zig:21

Skill      XL: |  1  2  3  4  5  6  7  8  9 10 11 12 13 14 15 16 17 18 19 20 21 22 23 24 25 26 27 |
---------------+----------------------------------------------------------------------------------+-----
Spellcasting   | 2 3 5 7 8 9 10 12 13 15 18 20 27 | 27.0
Conjurations   | 4 5 6 7 9 10 12 14 17 19 20 23 | 23.5
Translocations | 1 3 4 10 | 10.5
Hexes          | 1 3 4 |  4.0
Fighting       | 1 6 8 10 12 13 16 18 19 20 21 22 23 27 | 27.0
Stealth        | 2 |  2.0
Shields        | 5 11 14 15 | 15.0
Transmutations | 4 6 8 9 15 | 15.2
Earth Magic    | 4 6 |  6.2
Armour         | 1 |  1.0
Dodging        | 3 |  3.4
Necromancy     | 3 7 |  7.0
Evocations     | 4 5 27 | 27.0
Air Magic      | 9 15 18 19 22 | 22.7
Summonings     | 8 |  8.0
Fire Magic     | 13 | 13.7
Throwing       | 27 | 27.0
Ice Magic      | 16 | 16.0

Action                   |  1- 3 |  4- 6 |  7- 9 | 10-12 | 13-15 | 16-18 | 19-21 | 22-24 | 25-27 || total
-------------------------+-------+-------+-------+-------+-------+-------+-------+-------+-------++-------
Melee: Unarmed           |     4 |       |       |       |       |       |       |       |       ||     4
       Short sword       |    10 |       |       |       |       |       |       |       |       ||    10
       Dagger            |       |       |    15 |    14 |    32 |       |       |       |       ||    61
       Staff             |       |       |       |       |       |     1 |     8 |   430 |   924 ||  1363
       Morningstar       |       |       |       |       |       |    17 |       |       |       ||    17
       Mace              |       |       |       |       |       |       |       |     7 |     4 ||    11
       Flail             |       |       |       |       |       |       |       |       |     1 ||     1
Throw: Javelin           |       |       |       |       |       |       |       |       |    13 ||    13
 Cast: Magic Dart        |    18 |       |       |       |       |       |       |       |       ||    18
       Searing Ray       |    23 |    53 |    69 |    64 |   207 |    15 |    11 |     5 |       ||   447
       Fulminant Prism   |       |       |    19 |   127 |   261 |     7 |       |       |       ||   414
       Iskenderun's Myst |       |       |     3 |    13 |    95 |    18 |     7 |    11 |    16 ||   163
       Passwall          |       |       |       |       |     3 |     4 |       |     2 |    26 ||    35
       Animate Armour    |       |       |       |       |     7 |     1 |       |       |       ||     8
       Statue Form       |       |       |       |       |    39 |   126 |   115 |   132 |   594 ||  1006
       Orb of Destructio |       |       |       |       |    33 |   159 |   130 |   143 |   317 ||   782
       Irradiate         |       |       |       |       |       |   137 |   238 |   225 |   488 ||  1088
       Death Channel     |       |       |       |       |       |     4 |     1 |     3 |     9 ||    17
       Freezing Cloud    |       |       |       |       |       |    64 |    88 |    26 |    19 ||   197
       Chain Lightning   |       |       |       |       |       |       |       |    82 |  1456 ||  1538
       Maxwell's Capacit |       |       |       |       |       |       |       |       |    60 ||    60
       Fire Storm        |       |       |       |       |       |       |       |       |    28 ||    28
       Necromutation     |       |       |       |       |       |       |       |       |    21 ||    21
       Spellforged Servi |       |       |       |       |       |       |       |       |    14 ||    14
       Polar Vortex      |       |       |       |       |       |       |       |       |     7 ||     7
       Malign Gateway    |       |       |       |       |       |       |       |       |     2 ||     2
       Storm Form        |       |       |       |       |       |       |       |       |     2 ||     2
 Abil: End Transformatio |       |       |       |       |     1 |     1 |     1 |       |    10 ||    13
       Blinkbolt         |       |       |       |       |       |       |       |       |     2 ||     2
Evoke: Wand              |       |       |       |       |       |     4 |       |       |     5 ||     9
       Box of beasts     |       |       |       |       |       |       |       |       |     3 ||     3
       Lightning rod     |       |       |       |       |       |       |       |       |     1 ||     1
  Use: Scroll            |       |       |       |    20 |     8 |    12 |     3 |     7 |    39 ||    89
       Potion            |       |       |       |     1 |     1 |     1 |       |     9 |    40 ||    52
 Stab: Sleeping          |       |       |       |       |       |       |       |     2 |     2 ||     4
       Distracted        |       |       |       |       |       |       |       |       |     1 ||     1
Armor: Robe              |     8 |     7 |    33 |    88 |    63 |       |    14 |    10 |    60 ||   283
       Steam dragon scal |       |       |       |       |    24 |       |       |       |       ||    24
       Ring mail         |       |       |       |       |    23 |       |       |       |       ||    23
       Acid dragon scale |       |       |       |       |    19 |       |       |       |       ||    19
       Skin              |       |       |       |       |   135 |   505 |   426 |   774 |  2483 ||  4323
Dodge: Dodged            |    28 |    17 |    55 |    92 |   277 |   329 |   347 |   542 |  1797 ||  3484
Block: Kite shield       |       |       |       |    93 |   743 |   587 |   578 |   859 |  2787 ||  5647
       Other             |       |       |       |     4 |    20 |       |       |       |       ||    24
       Reflection        |       |       |       |       |    64 |     6 |       |       |       ||    70

Table legend: (Time is in decaauts)
 A = Elapsed time spent in this place.
 B = Non-inter-level travel time spent in this place.
 C = Inter-level travel time spent in this place.
 D = Time resting spent in this place.
 E = Time spent auto-exploring this place.
 F = Levels seen in this place.
 G = Mean time per level.
                   A        B        C        D        E       F      G
               +--------+--------+--------+--------+--------+-----+--------+
         Total | 165281 | 152442 |  12839 |  49715 |  49189 | 143 | 1155.8 |
       Dungeon |  22298 |  18579 |   3719 |   4590 |  11055 |  15 | 1486.5 |
        Temple |     82 |     82 |      0 |     81 |      0 |   1 |   82.0 |
          Lair |  12072 |  10806 |   1266 |   4746 |   3958 |   6 | 2012.0 |
         Swamp |   4795 |   4479 |    316 |   1062 |   2089 |   4 | 1198.8 |
     Snake Pit |   9371 |   9128 |    243 |   4354 |   2944 |   4 | 2342.8 |
    Slime Pits |   3251 |   3061 |    190 |   1053 |   1275 |   5 |  650.2 |
  Orcish Mines |   5458 |   4885 |    573 |   2308 |   1861 |   2 | 2729.0 |
   Elven Halls |   8182 |   7482 |    700 |   2436 |   2627 |   3 | 2727.3 |
        Vaults |  16665 |  14238 |   2427 |   4869 |   6306 |   5 | 3333.0 |
         Crypt |   8019 |   7269 |    750 |   2520 |   2898 |   3 | 2673.0 |
          Tomb |   7761 |   6842 |    919 |   3297 |   1218 |   3 | 2587.0 |
        Depths |  11433 |  10075 |   1358 |   2508 |   5280 |   5 | 2286.6 |
          Hell |   5624 |   5556 |     68 |   4466 |    503 |   1 | 5624.0 |
           Dis |   4737 |   4737 |      0 |    974 |    229 |   7 |  676.7 |
       Gehenna |   4301 |   4091 |    210 |    215 |    102 |   7 |  614.4 |
       Cocytus |   5469 |   5469 |      0 |    957 |     57 |   7 |  781.3 |
      Tartarus |   3909 |   3815 |     94 |    650 |     43 |   7 |  558.4 |
         Abyss |   3987 |   3987 |      0 |    226 |    162 |  16 |  249.2 |
   Pandemonium |  21274 |  21274 |      0 |   5176 |   6406 |  16 | 1329.6 |
      Ziggurat |   3435 |   3435 |      0 |   1466 |     73 |  21 |  163.6 |
        Bazaar |    428 |    428 |      0 |    344 |      0 |   1 |  428.0 |
         Trove |    128 |    128 |      0 |      0 |      0 |   1 |  128.0 |
         Sewer |    339 |    339 |      0 |    161 |     80 |   1 |  339.0 |
      Ice Cave |   1509 |   1509 |      0 |    952 |     19 |   1 | 1509.0 |
      Gauntlet |    745 |    745 |      0 |    298 |      0 |   1 |  745.0 |
               +--------+--------+--------+--------+--------+-----+--------+

Top non-repeatable levels by time:
    Hell: 5624 daAuts
  Tomb:1: 4981 daAuts
Vaults:3: 3803 daAuts
 Snake:4: 3788 daAuts
Vaults:4: 3537 daAuts
 Crypt:3: 3419 daAuts
Vaults:2: 3336 daAuts
   Elf:1: 3219 daAuts
   Orc:1: 3107 daAuts
Vaults:5: 3061 daAuts
  Lair:5: 3055 daAuts
   Elf:2: 2939 daAuts
Depths:1: 2927 daAuts
Vaults:1: 2926 daAuts
Depths:4: 2882 daAuts
